 Dungeon Crawl Stone Soup version 0.23-a0-332-g9fe5f1002e (webtiles) character file.

1833983 Flugkiller the Phalangite (level 27, 210/254 HPs)
             Began as a Formicid Chaos Knight on Oct 17, 2018.
             Was a Favourite Plaything of Xom.
             Escaped with the Orb
             ... and 3 runes!
             The game lasted 02:37:55 (57433 turns).

Flugkiller the Phalangite (Formicid Chaos Knight)  Turns: 57433, Time: 02:37:55

Health: 210/254    AC: 37    Str: 27    XL:     27
Magic:  32/40      EV: 32    Int: 18    God:    Xom [.....*]
Gold:   6952       SH: 21    Dex: 17    Spells: 26/26 levels left

rFire    + + +     SeeInvis +   z - +9 bardiche (freeze)
rCold    + + .     Gourm    +   W - +0 large shield
rNeg     . . .     Faith    .   Z - +6 crystal plate armour
rPois    +         Spirit   +   (helmet unavailable)
rElec    +         Reflect  .   X - scarf {Spirit}
rCorr    .         Harm     .   l - +2 pair of gloves of the Bruised Dreams {Slay+3}
MR       +++++     Clarity  +   (boots unavailable)
Stlth    ..........             Y - amulet of the Enemy {Gourm rElec}
HPRegen  1.72/turn              V - +5 ring of evasion
MPRegen  0.27/turn              A - ring of Phasing {EV+8}

@: no status effects
A: permanent stasis, dig shafts and tunnels, four strong arms, antennae 3, claws
1, fangs 1, talons 3, repulsion field 1, thin metallic scales 1, yellow scales
1, camouflage 2, agile 1, blurry vision 3, clarity, clever 2, cold resistance 1,
deformed body, fire resistance 3, high mp 3, magic resistance 3, sense
surroundings 1, poison resistance, regeneration 3, robust 1, screaming 2, shaggy
fur 3, strong 2, evolution 1
0: Orb of Zot
}: 3/15 runes: decaying, slimy, gossamer
a: Dig, Shaft Self, Renounce Religion


You escaped.
You worshipped Xom.
You were Xom's teddy bear.
You were very full.

You visited 9 branches of the dungeon, and saw 50 of its levels.
You also visited: Trove, Sewer, Ossuary and Wizlab.

You collected 12237 gold pieces.
You spent 5285 gold pieces at shops.

Inventory:

Hand Weapons
 z - a +9 bardiche of freezing (weapon)
   (You found it on level 2 of the Lair of Beasts)
Missiles
 v - 4 throwing nets (quivered)
Armour
 l - the +2 pair of gloves of the Bruised Dreams (worn) {Slay+3}
   (You acquired it on level 3 of the Lair of Beasts)

   It affects your accuracy and damage with ranged weapons and melee attacks
   (+3).
 T - a scarf of resistance
   (You found it on level 13 of the Dungeon)
 W - a +0 large shield (worn)
   (You found it on level 14 of the Dungeon)
 X - a scarf of spirit shield (worn)
   (You found it on level 3 of the Vaults)
 Z - a +6 crystal plate armour (worn)
   (You bought it in a shop on level 4 of the Vaults)
Jewellery
 k - an uncursed ring of protection from cold
   (You found it on level 1 of the Depths)
 A - the ring of Phasing (right hand) {EV+8}
   (You found it in a treasure trove)

   [ring of evasion]

   It affects your evasion (+8).
 N - the amulet "Nuezin" {Faith rC+}
   (Xom gifted it to you on level 8 of the Dungeon)

   [amulet of faith]

   It allows you to gain divine favour quickly.
   It protects you from cold.
 V - a +5 ring of evasion (left hand)
   (You found it on level 6 of the Lair of Beasts)
 Y - the amulet of the Enemy (around neck) {Gourm rElec}
   (Xom gifted it to you on level 5 of the Depths)

   [amulet of the gourmand]

   It allows you to eat raw meat even when not hungry.
   It insulates you from electricity.
Wands
 q - a wand of clouds (12)
   (Xom gifted it to you on level 4 of the Lair of Beasts)
 B - a wand of disintegration (24)
   (Xom gifted it to you on level 1 of the Depths)
 I - a wand of digging (102)
   (You found it on level 2 of the Lair of Beasts)
 L - a wand of paralysis (63)
   (You found it on level 5 of the Lair of Beasts)
 O - a wand of iceblast (39)
   (You found it on level 5 of the Lair of Beasts)
 R - a wand of acid (10)
   (You found it on level 3 of the Depths)
 S - a wand of scattershot (10)
   (You found it on level 6 of the Lair of Beasts)
 U - a wand of enslavement (33)
   (You found it on level 2 of the Depths)
Scrolls
 e - 5 scrolls of fear
 i - 15 scrolls of identify
 j - 17 scrolls of remove curse
 s - 3 scrolls of vulnerability
 u - a scroll of summoning
 w - 3 scrolls of immolation
 x - 5 scrolls of fog
 y - 10 scrolls of magic mapping
 E - a scroll of enchant armour
 J - 2 scrolls of brand weapon
 K - 4 scrolls of holy word
 M - a scroll of silence
Potions
 b - 4 potions of mutation
 d - 2 potions of magic
 g - 6 potions of resistance
 h - 10 potions of brilliance
 m - 12 potions of curing
 n - 7 potions of flight
 o - 2 potions of might
 t - 5 potions of lignification
 D - 4 potions of agility
 F - a potion of cancellation
 H - 9 potions of heal wounds
 P - 7 potions of ambrosia
 Q - 7 potions of invisibility
Miscellaneous
 a - a lightning rod (4/4)
   (You found it on level 1 of the Swamp)
 f - a phial of floods
   (Xom gifted it to you on level 6 of the Dungeon)
 r - a phantom mirror
 C - a box of beasts
 G - a lamp of fire
   (You bought it in a shop on level 4 of the Vaults)
Comestibles
 c - 94 rations


   Skills:
 + Level 22.1 Fighting
 * Level 25.9 Polearms
 + Level 21.5 Armour
 + Level 18.8 Dodging
 - Level 15.0 Shields
 - Level 11.0 Evocations


You had 26 spell levels left.
You didn't know any spells.
Your spell library contained the following spells:

 Spells                   Type           Power        Failure   Level  Hunger
 Animate Skeleton         Necr           N/A          93%         1    ##.....
 Corona                   Hex            #......      93%         1    ##.....
 Pain                     Necr           #...         93%         1    ##.....
 Shock                    Conj/Air       #...         93%         1    ##.....
 Summon Small Mammal      Summ           #...         93%         1    ##.....
 Call Imp                 Summ           #.......     98%         2    ###....
 Corpse Rot               Necr           N/A          98%         2    ###....
 Passwall                 Tmut/Erth      #.......     98%         2    ###....
 Poisonous Vapours        Pois/Air       #.....       98%         2    ###....
 Slow                     Hex            #.......     98%         2    ###....
 Sublimation of Blood     Necr           #.........   98%         2    ###....
 Swiftness                Chrm/Air       #.......     98%         2    ###....
 Call Canine Familiar     Summ           #.......     100%        3    ####...
 Conjure Flame            Conj/Fire      #.......     100%        3    ####...
 Ignite Poison            Fire/Tmut/Pois #.......     100%        3    ####...
 Inner Flame              Hex/Fire       #.......     100%        3    ####...
 Mephitic Cloud           Conj/Pois/Air  #.......     100%        3    ####...
 Portal Projectile        Hex/Tloc       #.....       100%        3    ####...
 Recall                   Summ/Tloc      N/A          100%        3    ####...
 Regeneration             Chrm/Necr      #.........   100%        3    ####...
 Static Discharge         Conj/Air       #.......     100%        3    ####...
 Stone Arrow              Conj/Erth      #.....       100%        3    ####...
 Summon Guardian Golem    Hex/Summ       #.......     100%        3    ####...
 Vampiric Draining        Necr           #.........   100%        3    ####...
 Airstrike                Air            #.........   100%        4    #####..
 Animate Dead             Necr           N/A          100%        4    #####..
 Cause Fear               Hex            #.........   100%        4    #####..
 Ice Form                 Ice/Tmut       #.......     100%        4    #####..
 Leda's Liquefaction      Hex/Erth       #.........   100%        4    #####..
 Petrify                  Tmut/Erth      #.......     100%        4    #####..
 Summon Ice Beast         Ice/Summ       #.......     100%        4    #####..
 Summon Lightning Spire   Summ/Air       #.......     100%        4    #####..
 Alistair's Intoxication  Tmut/Pois      #.......     100%        5    ######.
 Bolt of Magma            Conj/Fire/Erth #.........   100%        5    ######.
 Borgnjor's Vile Clutch   Necr/Erth      #.........   100%        5    ######.
 Irradiate                Conj/Tmut      #.........   100%        5    ######.
 Lee's Rapid Deconstruct  Erth           #.........   100%        5    ######.
 Lightning Bolt           Conj/Air       #.........   100%        5    ######.
 Metabolic Englaciation   Hex/Ice        #.........   100%        5    ######.
 Summon Forest            Summ/Tloc      #.........   100%        5    ######.
 Bolt of Cold             Conj/Ice       #.........   100%        6    #######
 Darkness                 Hex            #.........   100%        6    #######
 Death Channel            Necr           #.........   100%        6    #######
 Freezing Cloud           Conj/Ice/Air   #.........   100%        6    #######
 Hydra Form               Tmut           #.........   100%        6    #######
 Invisibility             Hex            #.......     100%        6    #######
 Iron Shot                Conj/Erth      #.........   100%        6    #######
 Ozocubu's Refrigeration  Ice            #.........   100%        6    #######
 Simulacrum               Ice/Necr       #.........   100%        6    #######
 Statue Form              Tmut/Erth      #........    100%        6    #######
 Ring of Flames           Chrm/Fire      #.........   100%        7    #######
 Summon Hydra             Summ           #.........   100%        7    #######
 Shatter                  Erth           #.........   100%        9    #######
 Passage of Golubria      Tloc           Unusable     N/A         4    N/A

Dungeon Overview and Level Annotations

Branches:
Dungeon (15/15)            Temple (0/1) D:4            Lair (6/6) D:9
  Swamp (4/4) Lair:3       Spider (4/4) Lair:4        Slime (5/5) Lair:6
    Orc (2/2) D:10            Elf (0/3) Orc:2        Vaults (4/5) D:13
  Crypt (0/3) Vaults:2     Depths (5/5) D:15            Zot (5/5) Depths:5

Altars:
Cheibriados
Dithmenos
Elyvilon
Fedhas
Gozag
Hepliaklqana
Kikubaaqudgha
Nemelex Xobeh
Qazlal
Trog
Uskayaw
Wu Jian
Xom
Zin
Beogh
Jiyva
Lugonu

Shops:
Orc:2 *}(%[   Vaults:1 :=!!   Vaults:4 %[!}   Depths:1 }(!?   Depths:3 :
Depths:5 (

Portals:
Hell: Depths:1 Depths:2 Depths:3 Depths:4 Depths:5
Abyss: Depths:3 Depths:4
Pandemonium: Depths:1 Depths:3
Ziggurat: Depths:1

Annotations:
D:4 2 transporters
D:6 exclusion: oklob plant
Lair:3 3 runed doors, PikkenKukken's ghost, journeyman DsFi
Lair:6 3 runed doors, dricus's ghost, journeyman HuFi
Depths:2 1 exclusion
Zot:1 3 runed doors, Miyhai's ghost, legendary BaAr


Innate Abilities, Weirdness & Mutations

You cannot be hasted, slowed, berserked, paralysed or teleported.
You can dig through walls and to a lower floor.
Your four strong arms can wield two-handed weapons with a shield.
You have a pair of large antennae on your head. (SInv)
You have sharp fingernails.
You have very sharp teeth.
You have claws for feet.
You are surrounded by a mild repulsion field. (EV +2)
You are partially covered in thin metallic scales. (AC +2)
You are partially covered in yellow scales. (AC +2)
Your skin blends seamlessly with your surroundings (Stealth++).
You are agile. (Dex +2)
Scrolls take you much longer to read.
You possess an exceptional clarity of mind.
Your mind is very acute. (Int +4)
Your flesh is cold resistant. (rC+)
Armour fits poorly on your strangely shaped body.
Your flesh is almost immune to the effects of heat. (rF+++)
You have a greatly increased reservoir of magic. (+30% MP)
You are extremely resistant to the effects of hostile enchantments. (MR+++)
You passively map a small area around you.
Your system is resistant to poisons. (rPois)
You regenerate.
You are robust. (+10% HP)
You sometimes yell uncontrollably at your foes.
Your thick and shaggy fur keeps you warm. (AC +3, rC+)
Your muscles are very strong. (Str +4)
You evolve.


Message History

You chop the Ice Fiend into pieces!!! Your kick misses the Ice Fiend.
You bite the Ice Fiend, but do no damage.
The Ice Fiend is severely wounded.
Unknown command.
You hit the Ice Fiend.
You claw the Ice Fiend, but do no damage.
You bite the Ice Fiend, but do no damage.
The Ice Fiend is severely wounded.
The Ice Fiend gestures at you. The bolt of cold misses you.
Unknown command.
You barely miss the Ice Fiend.
You claw the Ice Fiend, but do no damage.
You bite the Ice Fiend, but do no damage.
The Ice Fiend is severely wounded.
You block the Ice Fiend's attack. x2
Unknown command.
You carve the Ice Fiend like a ham!!!
You kill the Ice Fiend!
Unknown command.
Evoke which item? (* to show all) (? for menu, Esc to quit)
Okay, then.
Evoke which item? (* to show all) (? for menu, Esc to quit)
Aiming: Dig
Press: ? - help, Shift-Dir - straight line A rock wall.
This square is covered in magical glow.
The rock shatters into small pieces.
Unknown command.
Unknown command.
You extend your mandibles.
You dig through the rock wall.
You dig through the rock wall.
Unknown command.
Evoke which item? (* to show all) (? for menu, Esc to quit)
Aiming: Dig
Press: ? - help, Shift-Dir - straight line A rock wall.
This square is covered in magical glow.
The rock shatters into small pieces.
Unknown command.
You retract your mandibles.
Xom's generous nature manifests itself.
Something appears before you!
You now have 6952 gold pieces (gained 940).
There is an open door here.
A reaper comes into view.
It is wielding a +2 scythe of protection.
There is a staircase leading out of the dungeon here.
Enter note: gg You have escaped!

)##..._#..(..#.#.#.....#
..._#.##.#####.#.##.####
##.##.##.# #.#'#..# #########
.#.......# ###(#######.......#
....####.#######[# ##.........#
.#..#.........)#.# #......).(.##
##....##.#######.# #..#........(
...#.###.....# #.# #..#.......##
.####....###.# #@# #..#.......#
.###.....# #.# #.# #..#.......#
..#.########.###2# #.......####
.....# #...##.# ####.#### ###..#
#...##.# #.......# #..# #...##.#
#.##.##.##### #.>######...##'##
#....##.##...
#..##...........###.....#.##...
###................##.##.........


You could see a reaper.

Vanquished Creatures
  the Royal Jelly (Slime:5)
  3 ancient liches (Zot:5)
  8 orbs of fire
  3 juggernauts
  Margery (Vaults:3)
  A caustic shrike (Depths:4)
  A curse toe (Zot:4)
  Saint Roka (Depths:3)
  4 Killer Klowns
  6 golden dragons
  Nikola (Swamp:1)
  An iron giant (Depths:1)
  4 electric golems
  A pandemonium lord (Zot:5)
  An Ice Fiend (D:1)
  26 Orb Guardians
  13 tentacled monstrosities
  A quicksilver dragon (Zot:3)
  4 liches
  9 death cobs
  A sphinx (shapeshifter) (Slime:2)
  7 sphinxes
  4 shadow dragons
  15 storm dragons
  A thorn hunter (Swamp:4)
  4 tengu reavers
  11 fire giants
  7 draconian monks
  6 azure jellies
  19 acid blobs
  6 draconian knights
  A balrug (Depths:2)
  8 frost giants
  4 vault wardens
  7 emperor scorpions
  An orc warlord (Orc:1)
  7 ghost moths
  A deep elf elementalist (Depths:2)
  2 iron dragons
  3 draconian scorchers
  A draconian annihilator (Zot:4)
  2 draconian shifters
  5 ironheart preservers
  An angel (D:5)
  25 very ugly things
  4 draconian stormcallers
  A caustic shrike skeleton (Depths:4)
  A spriggan defender (Depths:1)
  2 entropy weavers
  7 vampire knights
  22 stone giants
  Nessos (D:14)
  A deep elf demonologist (Vaults:4)
  10 black draconians
  9 green draconians
  2 deep elf annihilators
  11 purple draconians
  11 yellow draconians
  12 white draconians
  9 spark wasps
  13 red draconians
  11 ettins
  Snorg (Orc:2)
  16 yaktaur captains
  3 death oozes
  Josephine (D:14)
  11 fire dragons
  7 rakshasas
  9 great orbs of eyes
  4 ice dragons
  5 spriggan air magi
  19 hydras
  2 shambling mangroves (Swamp:4)
  5 centaur warriors
  An anaconda (Lair:6)
  6 vault guards
  2 hell beasts
  2 catoblepae
  3 death knights
  2 dancing weapons (D:13)
  58 two-headed ogres
  A merfolk aquamancer (Depths:3)
  A vampire mage (Depths:1)
  2 ghost crabs
  13 alligators
  8 deep troll shamans
  5 tengu warriors
  17 ogre magi
  A shock serpent (shapeshifter) (Orc:2)
  9 deep troll earth magi
  3 spriggan berserkers
  3 naga sharpshooters (Depths:3)
  8 deep elf knights
  A titan skeleton (Depths:1)
  A sun demon (Depths:1)
  10 hell knights
  2 shadow wraiths (Vaults:3)
  A death drake (WizLab)
  5 iron trolls
  A golden dragon zombie (Depths:4)
  2 salamander mystics
  A sixfirhy (D:15)
  A skeletal warrior (Vaults:1)
  4 flayed ghosts
  5 glowing orange brains
  A torturous demonspawn (Depths:3)
  25 deep trolls
  3 unseen horrors
  4 deep elf archers
  15 swamp dragons
  5 wizards
  11 orc knights
  11 ironbrand convokers
  A shadow dragon zombie (Depths:1)
  Pikel (D:6)
  A lindwurm (Spider:2)
  2 phantasmal warriors
  17 orb spiders
  33 wolf spiders
  A harpy (shapeshifter) (Depths:4)
  20 harpies
  A manticore (shapeshifter) (Vaults:3)
  7 necromancers
  5 deep elf magi
  2 salamanders (shapeshifter)
  17 moths of wrath
  33 ugly things
  A fire giant zombie (Vaults:3)
  4 orc sorcerers
  8 salamanders
  A cyclops (shapeshifter) (Depths:3)
  A sphinx skeleton (Vaults:3)
  A stone giant zombie (Depths:1)
  5 shining eyes
  77 slime creatures
  7 cyclopes
  8 elephants
  6 manticores
  7 black mambas
  5 vault sentinels
  A human skeleton (Vaults:3)
  3 eyes of devastation
  Maurice (D:11)
  4 smoke demons
  2 guardian serpents (shapeshifter)
  A torpor snail (Spider:3)
  An orange demon (Depths:1)
  2 human zombies
  A yaktaur zombie (Depths:1)
  A hellion (D:11)
  12 spiny frogs
  5 rime drakes
  3 freezing wraiths (Vaults:3)
  38 yaktaurs
  4 kobold demonologists
  14 komodo dragons
  10 demonic crawlers
  5 tengu conjurers
  4 hellwings
  A queen bee (Lair:1)
  2 jumping spiders (shapeshifter)
  10 polar bears
  2 meliai (D:14)
  29 jumping spiders
  14 trolls
  A wind drake (shapeshifter) (Depths:4)
  A raiju (Lair:6)
  9 bog bodies
  17 hornets
  An iron dragon simulacrum (Depths:4)
  A shadow dragon simulacrum (Vaults:3)
  14 tyrant leeches
  Grinder (D:4)
  A snapping turtle (Lair:3)
  2 blink frogs (shapeshifter)
  17 blink frogs
  10 hippogriffs
  4 spriggans
  3 air elementals (WizLab)
  57 redbacks
  3 water elementals (Depths:3)
  A deep troll zombie (Depths:1)
  Sigmund (D:4)
  A yak (shapeshifter) (Depths:3)
  2 shadows
  A vampire (D:14)
  35 yaks
  4 spriggans (shapeshifter)
  35 tarantellas
  7 wraiths
  7 wyverns
  A human (Lair:1)
  An elf simulacrum (Depths:4)
  6 golden eyes (Slime:4)
  A golden eye (shapeshifter) (Depths:2)
  4 steam dragons
  3 hungry ghosts
  4 basilisks
  Edmund (D:6)
  21 vampire mosquitoes
  A chaos spawn (D:5)
  8 wargs
  Menkaure (D:3)
  A swamp worm (shapeshifter) (Vaults:1)
  A naga (Depths:3)
  11 swamp worms
  8 insubstantial wisps
  4 acid dragons
  16 water moccasins
  8 porcupines
  4 floating eyes (Depths:3)
  A deep troll skeleton (Vaults:3)
  14 hell hounds (Lair:6)
  30 orc warriors
  An ice beast (shapeshifter) (D:13)
  Purgy (D:6)
  8 swamp drakes
  6 sky beasts
  A slave (D:6)
  11 black bears (Lair:6)
  3 eyes of draining
  An ice beast (D:9)
  A wolf (shapeshifter) (Vaults:1)
  18 boggarts
  2 phantoms (D:10)
  A necrophage (D:12)
  26 wolves
  An eye of draining (shapeshifter) (Depths:4)
  54 ogres
  An elf skeleton (Vaults:1)
  8 centaurs
  16 crocodiles
  11 big kobolds
  Blork the orc (D:6)
  13 bullfrogs
  4 gnoll sergeants (D:10)
  A deep troll simulacrum (Vaults:1)
  3 scorpions
  A scorpion (shapeshifter) (D:14)
  29 killer bees
  An orc simulacrum (Vaults:1)
  3 howler monkeys (D:11)
  17 wights
  A vampire bat (D:6)
  11 electric eels
  10 crimson imps
  2 human simulacra (Vaults:3)
  A gnoll shaman (D:8)
  3 jellies
  A quasit (D:10)
  5 hounds
  Crazy Yiuf (D:3)
  23 orc priests
  6 centaur skeletons
  Jessica (D:2)
  9 iguanas
  30 orc wizards
  10 worker ants
  A hound zombie (D:9)
  A hound skeleton (D:7)
  A worker ant zombie (D:8)
  Robin (D:3)
  14 gnolls
  15 adders
  A river rat (Sewer)
  6 shadow imps
  3 oozes
  2 adder skeletons
  6 worms
  2 dart slugs
  3 leopard geckos
  116 orcs
  12 bats
  3 bat skeletons (D:6)
  A bat zombie (D:6)
  3 giant cockroaches
  15 goblins
  10 hobgoblins
  7 jackals
  3 quokkas
  A ball python (D:1)
  2 ball python skeletons (Ossuary)
  A frilled lizard (D:1)
  A hobgoblin skeleton (Ossuary)
  A hobgoblin zombie (Ossuary)
  34 kobolds
  A kobold zombie (Ossuary)
  2 orc skeletons (Ossuary)
  2 orc zombies (Ossuary)
  13 rats
  2 fire vortices (Orc:1)
  A fungus (Lair:5)
2176 creatures vanquished.

Vanquished Creatures (collateral kills)
  A tengu reaver (Depths:4)
  A draconian stormcaller (Zot:1)
  A vampire knight (Vaults:2)
  A spark wasp (Spider:4)
  A hydra (Swamp:4)
  A vault guard (Vaults:3)
  A rakshasa (Depths:4)
  A two-headed ogre (D:14)
  A deep troll (Depths:1)
  A swamp dragon (Swamp:4)
  A necromancer (Vaults:3)
  A deep elf archer (Vaults:4)
  An orc sorcerer (Vaults:4)
  A cyclops (Orc:1)
  A spiny frog (Lair:3)
  A meliai (D:14)
  A blink frog (Lair:1)
  2 redbacks (Spider:4)
  A tarantella (Spider:2)
  A basilisk (Lair:4)
  A hungry ghost (D:9)
  A vampire mosquito (Swamp:1)
  An acid dragon (D:14)
  A water moccasin (Lair:4)
  3 orc warriors
  2 swamp drakes (Swamp:4)
  A wolf (Lair:4)
  2 ogres
  A bullfrog (Lair:3)
  A wight (D:9)
  An adder (D:4)
  2 orcs
  A bat skeleton (D:6)
  A bat zombie (D:6)
  A jackal (D:3)
  2 fire vortices (D:14)
  A fungus (Lair:4)
44 creatures vanquished.

Vanquished Creatures (others)
  An ettin (Depths:3)
  A hydra (Swamp:1)
  A two-headed ogre (Depths:2)
  5 dancing weapons
  A deep troll (Depths:1)
  A slime creature (Slime:4)
  A wind drake (WizLab)
  A tarantella (Spider:4)
  2 yaks
  A golden eye (Slime:4)
  A vampire mosquito (Swamp:1)
  A swamp worm (Swamp:4)
  A centaur (Vaults:1)
  3 ogres
  A bullfrog (D:15)
  5 killer bees (D:9)
  A howler monkey (Swamp:4)
  2 orcs
  A jackal (D:3)
  A quokka (D:9)
  A fire vortex (D:5)
  21 fungi
  24 plants
78 creatures vanquished.

Grand Total: 2298 creatures vanquished

Notes
Turn   | Place    | Note
-------+----------+-------------------------------------------
     0 | D:1      | Flugkiller the Formicid Chaos Knight began the quest for
                  | the Orb.
     0 | D:1      | Reached XP level 1. HP: 18/18 MP: 1/1
    58 | D:1      | Reached XP level 2. HP: 24/24 MP: 2/2
    69 | D:1      | XOM: silly message
   148 | D:1      | Reached XP level 3. HP: 28/30 MP: 3/3
   151 | D:1      | XOM: god gift: 2280 gold pieces
   200 | D:1      | XOM: scenery: create altars
   445 | D:1      | Reached XP level 4. HP: 24/37 MP: 4/4
   544 | D:1      | XOM: noise
   989 | D:2      | XOM: cloud trail
  1322 | D:2      | Noticed Jessica
  1332 | D:2      | XOM: cleaving
  1333 | D:2      | Killed Jessica
  1333 | D:2      | Reached skill level 1 in Shields
  1333 | D:2      | Reached XP level 5. HP: 10/42 MP: 5/5
  1333 | D:2      | XOM: give mutations
  1333 | D:2      | Gained mutation: You have an increased reservoir of magic.
                  | (+10% MP) [Xom's grace]
  1333 | D:2      | Gained mutation: Your flesh is heat resistant. (rF+) [Xom's
                  | grace]
  1333 | D:2      | Gained mutation: Your muscles are strong. (Str +2) [Xom's
                  | grace]
  1342 | D:2      | XOM: severe Ice miscast
  1454 | D:2      | XOM: divination: detect items
  1593 | D:3      | Reached skill level 4 in Polearms
  1826 | D:3      | XOM: cloud trail
  1927 | D:3      | XOM: potion effect (might)
  1931 | D:3      | XOM: polymorph orc wizard -> gnoll
  1935 | D:3      | Reached XP level 6. HP: 42/49 MP: 6/6
  2072 | D:3      | XOM: confusion
  2118 | D:3      | Found a glowing drain.
  2122 | Sewer    | Entered a sewer
  2241 | Sewer    | Found a white marble altar of Elyvilon.
  2369 | D:3      | XOM: enchant monster (good)
  2407 | D:3      | Reached skill level 5 in Fighting
  2407 | D:3      | Reached XP level 7. HP: 56/56 MP: 7/7
  2473 | D:3      | Noticed Robin
  2511 | D:3      | Killed Robin
  2686 | D:3      | Found a runed door.
  2703 | D:3      | XOM: scenery: create altars
  2908 | D:3      | Noticed Crazy Yiuf
  2918 | D:3      | Killed Crazy Yiuf
  2988 | D:4      | Noticed Menkaure
  3084 | D:3      | XOM: divination: magic mapping
  3092 | D:3      | Killed Menkaure
  3092 | D:3      | Reached skill level 5 in Polearms
  3124 | D:4      | Noticed Sigmund
  3155 | D:4      | XOM: summons friendly white imp
  3158 | D:4      | Killed Sigmund
  3158 | D:4      | Reached skill level 5 in Armour
  3158 | D:4      | Reached XP level 8. HP: 64/64 MP: 8/8
  3158 | D:4      | XOM: divination: detect items
  3193 | D:4      | Found a transporter.
  3203 | D:4      | XOM: divination: magic mapping
  3228 | D:4      | Found a transporter.
  3278 | D:4      | Noticed Grinder
  3279 | D:4      | XOM: divination: detect creatures
  3282 | D:4      | Noticed Purgy
  3290 | D:4      | XOM: potion effect (brilliance)
  3296 | D:4      | You fall through a shaft for 2 floors!
  3304 | D:5      | Entered Level 5 of the Dungeon
  3334 | D:5      | Found a stormy altar of Qazlal.
  3417 | D:5      | XOM: potion effect (experience)
  3417 | D:5      | Reached XP level 9. HP: 87/87 MP: 9/9
  3468 | D:5      | XOM: god gift: scroll labeled ULLAECESIL {god gift}
  3521 | D:5      | XOM: mild Fire miscast
  3728 | D:4      | Found a sand-covered staircase.
  3735 | Ossuary  | Entered an ossuary
  3865 | Ossuary  | Reached skill level 5 in Shields
  4085 | D:4      | XOM: enchant monster (good)
  4097 | D:4      | Killed Grinder
  4097 | D:4      | Reached skill level 6 in Polearms
  4159 | D:4      | Found a staircase to the Ecumenical Temple.
  4306 | D:4      | Found a shadowy altar of Dithmenos.
  4306 | D:4      | Found a glowing silver altar of Zin.
  4525 | D:6      | XOM: summons 9 friendly demons
  4527 | D:6      | Reached XP level 10. HP: 69/94 MP: 11/11
  4552 | D:6      | Noticed Edmund
  4562 | D:6      | Killed Edmund
  4711 | D:6      | Noticed Pikel
  4712 | D:6      | Found a blossoming altar of Fedhas.
  4731 | D:6      | XOM: cleaving
  4746 | D:6      | Killed Pikel
  4747 | D:6      | Noticed an oklob plant
  4773 | D:6      | XOM: god gift: phial of floods
  4788 | D:6      | XOM: scenery: create altars
  4835 | D:6      | Killed Purgy
  4929 | D:6      | XOM: scenery: 1 fountains blood, 1 doors close
  4968 | D:6      | Found an opulent altar of Gozag.
  4973 | D:6      | Found a bloodstained altar of Trog.
  4975 | D:6      | Found a blossoming altar of Fedhas.
  4980 | D:6      | Found a white marble altar of Elyvilon.
  4992 | D:6      | Found a hazy altar of Hepliaklqana.
  5056 | D:6      | XOM: god gift: transparent marble ring {god gift}
  5057 | D:6      | Got a transparent marble ring {god gift}
  5058 | D:6      | Identified the ring of Xom's Condemnation {Fire Stlth+}
                  | (Xom gifted it to you on level 6 of the Dungeon)
  5107 | D:6      | Found a sparkling altar of Nemelex Xobeh.
  5147 | D:6      | Found a snail-covered altar of Cheibriados.
  5164 | D:6      | XOM: scenery: create altars
  5214 | D:6      | Noticed Blork the orc
  5215 | D:6      | XOM: summons 4 friendly demons
  5217 | D:6      | Killed Blork the orc
  5239 | D:6      | Found an ancient bone altar of Kikubaaqudgha.
  5402 | D:6      | XOM: god gift: 33 gold pieces
  5491 | D:6      | XOM: scenery: create altars
  5492 | D:6      | XOM: harmless Chrm miscast
  5504 | D:6      | XOM: silly message
  5742 | D:7      | XOM: noise
  5775 | D:7      | XOM: harmless Conj miscast
  5777 | D:7      | XOM: polymorph ice beast -> blink frog
  5781 | D:7      | Reached skill level 7 in Polearms
  5781 | D:7      | Reached skill level 1 in Dodging
  6162 | D:7      | XOM: cloud trail
  6200 | D:7      | Found an ornate altar of the Wu Jian Council.
  6603 | D:8      | XOM: confuse monster(s)
  6605 | D:8      | XOM: smoke on damage
  6621 | D:8      | XOM: blink monster(s)
  6695 | D:7      | XOM: harmless Tmut miscast
  6726 | D:8      | XOM: god gift: shimmering lead amulet {god gift}
  6727 | D:8      | Got a shimmering lead amulet {god gift}
  6734 | D:8      | Identified the amulet "Nuezin" {Faith rC+} (Xom gifted it
                  | to you on level 8 of the Dungeon)
  6852 | D:8      | XOM: give mutations
  6852 | D:8      | Gained mutation: You are dopey. (Int -2) [Xom's mischief]
  6859 | D:8      | XOM: confusion (+ monsters)
  6869 | D:8      | Reached XP level 11. HP: 94/100 MP: 12/12
  6951 | D:8      | XOM: give mutations
  6951 | D:8      | Gained mutation: You occasionally shout uncontrollably at
                  | your foes. [Xom's mischief]
  6951 | D:8      | Gained mutation: Armour fits poorly on your strangely
                  | shaped body. [Xom's mischief]
  7049 | D:8      | XOM: polymorph quokka -> kobold
  7063 | D:8      | XOM: noise
  7131 | D:8      | XOM: noise
  7287 | D:8      | XOM: scenery: 1 doors open, 4 doors close
  7320 | D:8      | Got a transparent quarterstaff
  7342 | D:8      | XOM: polymorph crimson imp -> shadow imp
  7610 | D:8      | XOM: god gift: 12 gold pieces
  8178 | D:9      | XOM: summons friendly white imp
  8179 | D:9      | XOM: polymorph white imp -> ufetubus
  8217 | D:9      | Identified the cursed +2 quarterstaff of Disembowelment
                  | {crush, Dex+3} (You found it on level 8 of the Dungeon)
  8336 | D:9      | XOM: cloud trail
  8340 | D:9      | XOM: give mutations
  8340 | D:9      | Gained mutation: You are clumsy. (Dex -2) [Xom's mischief]
  8340 | D:9      | Lost mutation: You are dopey. (Int -2) [Xom's mischief]
  8340 | D:9      | Gained mutation: You are dopey. (Int -2) [Xom's mischief]
  8356 | D:9      | Found a staircase to the Lair.
  8377 | D:9      | XOM: give mutations
  8377 | D:9      | Gained mutation: You are somewhat resistant to further
                  | mutation. [Xom's grace]
  8377 | D:9      | Gained mutation: You expend magic power (3 MP) to
                  | strengthen your wands. [Xom's grace]
  8418 | D:9      | XOM: enchant monster (good)
  8432 | D:9      | Found a hide-covered altar of Uskayaw.
  8453 | D:9      | XOM: cleaving
  8454 | D:9      | XOM: divine lightning
  8505 | D:9      | XOM: torment (37/100 hp)
  8692 | D:9      | XOM: give mutations
  8692 | D:9      | Lost mutation: You occasionally shout uncontrollably at
                  | your foes. [Xom's mischief]
  8692 | D:9      | Gained mutation: Your body sometimes deteriorates upon
                  | taking damage. [Xom's mischief]
  9114 | Lair:1   | Entered Level 1 of the Lair of Beasts
  9129 | Lair:1   | XOM: summons friendly white imp
  9133 | Lair:1   | XOM: polymorph blink frog -> tarantella
  9139 | Lair:1   | XOM: chaos cloud
  9139 | Lair:1   | Reached skill level 8 in Polearms
  9155 | Lair:1   | XOM: cast spell 'Alistair's Intoxication'
  9216 | D:9      | XOM: scenery: create altars
  9331 | D:9      | XOM: cloud trail
  9337 | Lair:1   | XOM: give mutations
  9337 | Lair:1   | Gained mutation: You are partially covered in thin metallic
                  | scales. (AC +2) [Xom's grace]
  9337 | Lair:1   | Lost mutation: You are clumsy. (Dex -2) [Xom's grace]
  9540 | Lair:1   | XOM: cloud trail
  9550 | Lair:1   | XOM: give mutations
  9550 | Lair:1   | Gained mutation: Your flesh is very heat resistant. (rF++)
                  | [Xom's grace]
  9550 | Lair:1   | Lost mutation: You are somewhat resistant to further
                  | mutation. [Xom's grace]
  9550 | Lair:1   | Gained mutation: You evolve. [Xom's grace]
  9550 | Lair:1   | Lost mutation: You are dopey. (Int -2) [Xom's grace]
  9550 | Lair:1   | Gained mutation: You are agile. (Dex +2) [Xom's grace]
  9617 | Lair:1   | Lost mutation: Your muscles are strong. (Str +2)
                  | [evolution]
  9687 | Lair:1   | XOM: god gift: 39 gold pieces
  9737 | Lair:1   | XOM: scenery: create altars
 10042 | Lair:1   | XOM: mild Necr miscast
 10127 | Lair:1   | XOM: polymorph killer bee -> swamp drake
 10137 | Lair:1   | XOM: cast spell 'Statue Form'
 10160 | Lair:1   | XOM: divination: magic mapping
 10265 | Lair:1   | XOM: summons 1 hostile demon
 10397 | Lair:1   | XOM: give mutation
 10397 | Lair:1   | Gained mutation: You are resistant to electric shocks.
                  | (rElec) [Xom's grace]
 10518 | Lair:1   | XOM: fog
 10693 | Lair:1   | Reached skill level 9 in Polearms
 10702 | Lair:1   | XOM: enchant monster (good)
 10707 | Lair:1   | XOM: polymorph yak -> human
 10710 | Lair:1   | XOM: summons 3 friendly demons
 10725 | Lair:1   | Reached XP level 12. HP: 47/107 MP: 13/13
 11327 | Lair:1   | XOM: harmless Conj miscast
 11571 | Lair:2   | XOM: noise
 11580 | Lair:2   | XOM: give mutations
 11580 | Lair:2   | Lost mutation: You are agile. (Dex +2) [Xom's mischief]
 11580 | Lair:2   | Gained mutation: You occasionally shout uncontrollably at
                  | your foes. [Xom's mischief]
 11580 | Lair:2   | Gained mutation: You do not regenerate when monsters are
                  | visible. [Xom's mischief]
 11580 | Lair:2   | Lost mutation: You occasionally shout uncontrollably at
                  | your foes. [Xom's mischief]
 11605 | Lair:2   | XOM: medium Chrm miscast
 11827 | Lair:2   | Noticed an eight-headed hydra
 11832 | Lair:2   | XOM: chaos cloud
 11834 | Lair:2   | Noticed a catoblepas
 11834 | Lair:2   | an eight-headed hydra changed into a catoblepas
 11834 | Lair:2   | XOM: polymorph eight-headed hydra -> catoblepas
 11851 | Lair:2   | XOM: destruction
 11854 | Lair:2   | Killed a catoblepas
 11869 | Lair:2   | Gained mutation: Your flesh is almost immune to the effects
                  | of heat. (rF+++) [evolution]
 12028 | Lair:2   | XOM: divination: detect creatures
 12093 | Lair:2   | XOM: confuse monster(s)
 12106 | Lair:2   | XOM: enchant monster (good)
 12111 | Lair:2   | Reached skill level 10 in Polearms
 12233 | Lair:2   | XOM: give mutations
 12233 | Lair:2   | Gained mutation: You are agile. (Dex +2) [Xom's grace]
 12233 | Lair:2   | Gained mutation: You possess an exceptional clarity of
                  | mind. [Xom's grace]
 12233 | Lair:2   | Gained mutation: You passively map a small area around you.
                  | [Xom's grace]
 12806 | Lair:2   | XOM: harmless Tmut miscast
 12861 | Lair:3   | Found a runed gate.
 12861 | Lair:3   | Found a runed gate.
 12861 | Lair:3   | Found a runed gate.
 12924 | Lair:3   | XOM: noise
 12926 | Lair:3   | XOM: swap monsters
 12959 | Lair:3   | XOM: harmless Conj miscast
 12962 | Lair:3   | XOM: smoke on damage
 12971 | Lair:3   | XOM: summons 6 hostile demons
 12972 | Lair:3   | Noticed a soul eater
 12977 | Lair:3   | XOM: polymorph elephant -> snapping turtle
 13009 | Lair:3   | Reached skill level 5 in Dodging
 13048 | Lair:3   | XOM: harmless Air miscast
 13418 | Lair:3   | XOM: harmless Conj miscast
 13435 | Lair:3   | XOM: harmless Necr miscast
 13440 | Lair:3   | XOM: enchant monster (bad)
 13534 | Lair:3   | XOM: give mutation
 13534 | Lair:3   | Lost mutation: You are agile. (Dex +2) [Xom's mischief]
 13820 | Lair:3   | XOM: mild Ice miscast
 13848 | Lair:3   | XOM: summons 1 hostile demon
 13850 | Lair:3   | XOM: noise
 13857 | Lair:3   | XOM: blink monster(s)
 13883 | Lair:3   | Found a staircase to the Swamp.
 13939 | Lair:3   | XOM: harmless Air miscast
 13988 | Lair:3   | XOM: severe Erth miscast
 13993 | Lair:3   | XOM: noise
 13998 | Lair:3   | XOM: polymorph elephant -> shining eye
 14001 | Lair:3   | XOM: cast spell 'Summon Butterflies'
 14001 | Lair:3   | Gained mutation: You are dopey. (Int -2) [a shining eye]
 14002 | Lair:3   | XOM: summons 6 hostile demons
 14008 | Lair:3   | XOM: harmless Necr miscast
 14011 | Lair:3   | XOM: confuse monster(s)
 14014 | Lair:3   | XOM: potion effect (heal wounds)
 14014 | Lair:3   | Lost mutation: You have an increased reservoir of magic.
                  | (+10% MP) [a shining eye]
 14016 | Lair:3   | XOM: enchant monster (good)
 14018 | Lair:3   | XOM: potion effect (might)
 14023 | Lair:3   | Reached XP level 13. HP: 95/113 MP: 13/13
 14060 | Lair:3   | XOM: cast spell 'Summon Butterflies'
 14067 | Lair:3   | Reached skill level 11 in Polearms
 14067 | Lair:3   | Reached skill level 10 in Shields
 14122 | Lair:3   | XOM: divination: detect creatures
 14130 | Lair:3   | Lost mutation: Your body sometimes deteriorates upon taking
                  | damage. [evolution]
 14143 | Lair:3   | XOM: harmless Chrm miscast
 14190 | Lair:3   | XOM: polymorph elephant -> swamp dragon
 14191 | Lair:3   | XOM: enchant monster (good)
 14198 | Lair:3   | XOM: confuse monster(s)
 14224 | Lair:3   | XOM: enchant monster (good)
 14264 | Lair:3   | XOM: confuse monster(s)
 14388 | Lair:3   | XOM: cloud trail
 14769 | Lair:3   | Noticed PikkenKukken's ghost (journeyman DsFi)
 14823 | Lair:4   | XOM: god gift: bloodstained robe {god gift}
 14824 | Lair:4   | Got a bloodstained robe {god gift}
 15093 | Lair:3   | Identified a scroll of acquirement
 15094 | Lair:3   | Got a pair of dazzling gloves
 15100 | Lair:3   | Identified the +2 pair of gloves of the Bruised Dreams
                  | {Slay+3} (You acquired it on level 3 of the Lair of Beasts)
 15171 | Lair:4   | XOM: destruction
 15182 | Lair:4   | XOM: cast spell 'Monstrous Menagerie'
 15229 | Lair:4   | Reached skill level 10 in Armour
 15235 | Lair:4   | Found a hole to the Spider Nest.
 15237 | Lair:4   | XOM: divination: magic mapping
 15538 | Lair:4   | XOM: cast spell 'Shadow Creatures'
 15587 | Lair:4   | XOM: divination: detect items
 15589 | Lair:4   | XOM: summons 12 friendly demons
 15591 | Lair:4   | XOM: divination: detect items
 15656 | Lair:4   | XOM: harmless Ice miscast
 15902 | Lair:4   | XOM: mild Erth miscast
 15987 | Lair:4   | XOM: enchant monster (bad)
 16256 | Lair:4   | XOM: god gift: wand of clouds (7)
 16326 | Lair:5   | XOM: summons 3 friendly demons
 16405 | Lair:5   | Reached skill level 1 in Evocations
 16601 | Lair:4   | XOM: scenery: create altars
 16809 | Lair:5   | Noticed an eight-headed hydra
 16828 | Lair:5   | XOM: swap monsters
 16845 | Lair:5   | Killed an eight-headed hydra
 16845 | Lair:5   | Reached skill level 12 in Polearms
 16856 | Lair:5   | XOM: medium Chrm miscast
 17051 | Lair:5   | XOM: harmless Pois miscast
 17140 | Lair:5   | XOM: give mutation
 17140 | Lair:5   | Lost mutation: Armour fits poorly on your strangely shaped
                  | body. [Xom's mischief]
 17142 | Lair:5   | YES
 17165 | Lair:5   | XOM: medium Conj miscast
 17176 | Lair:5   | Found a shadowy altar of Dithmenos.
 17185 | Lair:5   | XOM: swap monsters
 17531 | Lair:5   | XOM: mild Hex miscast
 17536 | Lair:6   | Entered Level 6 of the Lair of Beasts
 17536 | Lair:6   | Noticed a five-headed hydra
 17548 | Lair:5   | XOM: cleaving
 17557 | Lair:5   | Killed a five-headed hydra
 17657 | Lair:6   | XOM: torment (58/113 hp)
 17676 | Lair:5   | XOM: medium Air miscast
 17695 | Lair:5   | XOM: chaos cloud
 17896 | Lair:5   | XOM: give mutation
 17896 | Lair:5   | Lost mutation: You are resistant to electric shocks.
                  | (rElec) [Xom's mischief]
 17969 | Lair:6   | XOM: mild Tloc miscast
 17970 | Lair:6   | XOM: fog
 17975 | Lair:5   | XOM: harmless Air miscast
 18050 | Lair:5   | XOM: mild Air miscast
 18132 | Lair:6   | Noticed an eight-headed hydra
 18151 | Lair:6   | XOM: severe Pois miscast
 18159 | Lair:6   | Killed an eight-headed hydra
 18159 | Lair:6   | Reached XP level 14. HP: 50/120 MP: 13/16
 18226 | Lair:5   | XOM: torment (25/120 hp)
 18289 | Lair:5   | XOM: mild Hex miscast
 18341 | Lair:5   | XOM: give mutation
 18341 | Lair:5   | Lost mutation: You passively map a small area around you.
                  | [Xom's mischief]
 18580 | Lair:6   | XOM: harmless Ice miscast
 18597 | Lair:6   | XOM: scenery: create altars
 18816 | Lair:6   | XOM: noise
 18872 | Lair:6   | XOM: medium Necr miscast
 18993 | Lair:5   | XOM: repel stairs
 19000 | Lair:5   | XOM: smoke on damage
 19134 | Lair:5   | XOM: summons 1 hostile shadow creature
 19274 | Lair:6   | XOM is BORED!
 19274 | Lair:6   | XOM: torment (61/120 hp)
 19481 | Lair:6   | XOM: enchant monster (good)
 19560 | Lair:6   | XOM: cloud trail
 19569 | Lair:6   | XOM: cleaving
 19619 | Lair:6   | XOM: god gift: flail {god gift}
 19761 | Lair:6   | Found a viscous altar of Jiyva.
 19761 | Lair:6   | Found a staircase to the Slime Pits.
 19789 | Lair:6   | XOM: enchant monster (good)
 19882 | Lair:6   | XOM: god gift: 10 gold pieces
 19993 | Lair:6   | XOM: god gift: 4 needles of paralysis
 19997 | Lair:6   | Found a runed gate.
 20020 | Lair:6   | Found a runed gate.
 20021 | Lair:6   | Found a runed gate.
 20023 | Lair:6   | Noticed dricus's ghost (journeyman HuFi)
 20261 | Lair:6   | XOM: destruction
 20343 | Lair:6   | XOM: give mutations
 20343 | Lair:6   | Gained mutation: You are resistant to electric shocks.
                  | (rElec) [Xom's grace]
 20343 | Lair:6   | Gained mutation: Your skin changes colour to match your
                  | surroundings (Stealth+). [Xom's grace]
 20343 | Lair:6   | Gained mutation: You have large cloven feet. [Xom's grace]
 20343 | Lair:6   | Gained mutation: You are agile. (Dex +2) [Xom's grace]
 20384 | Lair:6   | Reached skill level 13 in Polearms
 20418 | Lair:6   | XOM: stat loss: -1 Dex (13/14)
 20531 | Lair:6   | XOM: give mutations
 20531 | Lair:6   | Lost mutation: You evolve. [Xom's grace]
 20531 | Lair:6   | Gained mutation: You are somewhat resistant to further
                  | mutation. [Xom's grace]
 20531 | Lair:6   | Gained mutation: You have a beak for a mouth. [Xom's grace]
 20531 | Lair:6   | Lost mutation: You are somewhat resistant to further
                  | mutation. [Xom's grace]
 20531 | Lair:6   | Gained mutation: You evolve. [Xom's grace]
 20531 | Lair:6   | Gained mutation: You have an increased reservoir of magic.
                  | (+10% MP) [Xom's grace]
 20562 | Lair:6   | XOM: summons 8 friendly demons
 20775 | Lair:6   | XOM: god gift: potion of curing
 20792 | Lair:6   | XOM: mild Tmut miscast
 20797 | Lair:6   | XOM: summons friendly crimson imp
 20967 | Lair:6   | XOM: potion effect (brilliance)
 21022 | Lair:6   | Reached skill level 5 in Evocations
 21027 | Lair:6   | XOM: divination: detect creatures
 21161 | Lair:6   | XOM: give mutations
 21161 | Lair:6   | Gained mutation: You rapidly evolve. [Xom's grace]
 21161 | Lair:6   | Lost mutation: You do not regenerate when monsters are
                  | visible. [Xom's grace]
 21161 | Lair:6   | Gained mutation: Your natural rate of healing is unusually
                  | fast. [Xom's grace]
 21161 | Lair:6   | Gained mutation: You are partially covered in yellow
                  | scales. (AC +2) [Xom's grace]
 21161 | Lair:6   | Gained mutation: You passively map a small area around you.
                  | [Xom's grace]
 21240 | Lair:6   | Gained mutation: You are resistant to hostile enchantments.
                  | (MR+) [evolution]
 21293 | Lair:6   | XOM: enchant monster (bad)
 21326 | Lair:6   | XOM: enchant monster (good)
 21364 | Lair:6   | XOM: potion effect (might)
 21468 | Lair:6   | XOM: god gift: book of Alchemy
 21721 | D:9      | XOM: scenery: create altars
 21754 | D:10     | Entered Level 10 of the Dungeon
 21787 | D:10     | XOM: scenery: create altars
 22220 | D:10     | XOM: scenery: create altars
 22291 | D:10     | XOM: cloud trail
 22347 | D:10     | Found a staircase to the Orcish Mines.
 22349 | D:10     | XOM: cleaving
 22488 | D:10     | XOM: noise
 22501 | D:10     | XOM: cloud trail
 22622 | D:10     | XOM: harmless Tmut miscast
 22899 | D:11     | Reached XP level 15. HP: 126/126 MP: 20/20
 22909 | D:11     | Found a sparkling altar of Nemelex Xobeh.
 23041 | D:11     | XOM: mild Tloc miscast
 23046 | D:11     | XOM: silly message
 23047 | D:11     | XOM: potion effect (might)
 23115 | D:11     | Noticed Maurice
 23124 | D:11     | Killed Maurice
 23159 | D:11     | Reached skill level 14 in Polearms
 23229 | D:11     | XOM: chaos upgrade
 23276 | D:11     | Found a roughly hewn altar of Beogh.
 23294 | D:11     | XOM: summons 7 hostile demons
 23525 | D:11     | XOM: summons 2 friendly demons
 23531 | D:11     | XOM: scenery: 1 doors open, 2 doors close
 23537 | D:11     | Found a shimmering altar of Xom.
 23538 | D:11     | Found a shimmering altar of Xom.
 23538 | D:11     | Found a shimmering altar of Xom.
 23538 | D:11     | Found a shimmering altar of Xom.
 23539 | D:11     | Found a shimmering altar of Xom.
 23539 | D:11     | Found a shimmering altar of Xom.
 23539 | D:11     | Found a shimmering altar of Xom.
 23539 | D:11     | Found a shimmering altar of Xom.
 23539 | D:11     | Found a shimmering altar of Xom.
 23712 | D:12     | XOM: summons 2 friendly demons
 23715 | D:12     | XOM: summons friendly iron imp
 23741 | D:12     | XOM: blink monster(s)
 23763 | D:12     | XOM: noise
 23778 | D:12     | XOM: chaos upgrade
 23780 | D:12     | XOM: swap monsters
 23782 | D:12     | XOM: blink monster(s)
 23806 | D:12     | XOM: blink monster(s)
 23836 | D:12     | XOM: enchant monster (bad)
 23983 | D:12     | XOM: god gift: 18 arrows
 24067 | D:12     | XOM: potion effect (agility)
 24100 | D:12     | Gained mutation: Your spells are a little harder to cast,
                  | but a little more powerful. [evolution]
 24246 | D:13     | Found a gate to the Vaults.
 24248 | D:13     | XOM: cast spell 'Summon Butterflies'
 24249 | D:13     | XOM: polymorph centaur -> ooze
 24252 | D:13     | XOM: god gift: sapphire quarterstaff {god gift}
 24279 | D:13     | Got a sapphire quarterstaff {god gift}
 24323 | D:13     | XOM: scenery: create altars
 24462 | D:13     | Found a hazy altar of Hepliaklqana.
 24473 | D:13     | Reached skill level 15 in Polearms
 24507 | D:13     | XOM: divination: detect items
 24510 | D:13     | XOM: harmless Tmut miscast
 24668 | D:13     | XOM: mild Tmut miscast
 24743 | D:13     | wtf is this game
 24938 | D:13     | XOM: harmless Ice miscast
 24940 | D:13     | XOM: summons friendly crimson imp
 24977 | D:14     | XOM: divination: detect creatures
 25001 | D:14     | Noticed Josephine
 25001 | D:14     | XOM: noise
 25013 | D:14     | Killed Josephine
 25078 | D:14     | Noticed Louise
 25087 | D:14     | Noticed Louise
 25087 | D:14     | Louise changed into Louise the catoblepas
 25087 | D:14     | XOM: polymorph Louise -> Louise the catoblepas
 25088 | D:14     | cool
 25090 | D:14     | XOM: chaos upgrade
 25116 | D:14     | Killed Louise the catoblepas
 25116 | D:14     | Reached XP level 16. HP: 104/133 MP: 14/21
 25120 | D:14     | XOM: harmless Pois miscast
 25133 | D:14     | XOM: cloud trail
 25238 | D:14     | XOM: potion effect (invisibility)
 25241 | D:14     | Noticed Nessos
 25247 | D:14     | XOM: divination: magic mapping
 25251 | D:14     | Killed Nessos
 25631 | D:14     | XOM: summons 5 hostile demons
 25721 | D:15     | Entered Level 15 of the Dungeon
 25750 | D:15     | XOM: medium Chrm miscast
 25757 | D:15     | XOM: cleaving
 25771 | D:15     | XOM: summons 2 hostile shadow creatures
 25858 | D:15     | Reached skill level 10 in Dodging
 25953 | D:15     | XOM: scenery: create altars
 25991 | D:15     | Found a staircase to the Depths.
 25993 | D:15     | XOM: torment (77/133 hp)
 26011 | D:15     | XOM: repel stairs
 26013 | D:15     | XOM: draining
 26017 | D:15     | Noticed a fire giant
 26017 | D:15     | a dire elephant changed into a fire giant
 26017 | D:15     | XOM: polymorph dire elephant -> fire giant
 26067 | D:15     | No.
 26080 | D:14     | Good.
 26134 | D:15     | Noticed a sphinx
 26134 | D:15     | a fire giant changed into a sphinx
 26134 | D:15     | XOM: polymorph fire giant -> sphinx
 26139 | D:15     | Killed a sphinx
 26202 | D:15     | Lost mutation: You have an increased reservoir of magic.
                  | (+10% MP) [evolution]
 26350 | D:15     | XOM: give mutations
 26350 | D:15     | Gained mutation: You have a somewhat thin skeletal
                  | structure. (Dex +2, Stealth) [Xom's grace]
 26350 | D:15     | Gained mutation: You are highly resistant to hostile
                  | enchantments. (MR++) [Xom's grace]
 26350 | D:15     | Gained mutation: Your spells are harder to cast, but more
                  | powerful. [Xom's grace]
 26509 | D:12     | XOM: scenery: create altars
 26523 | D:12     | XOM: give mutations
 26523 | D:12     | Gained mutation: Your spells are much harder to cast, but
                  | much more powerful. [Xom's grace]
 26523 | D:12     | Gained mutation: You are very agile. (Dex +4) [Xom's grace]
 26523 | D:12     | Gained mutation: Your muscles are strong. (Str +2) [Xom's
                  | grace]
 26523 | D:12     | Gained mutation: You are covered in fur. (AC +1) [Xom's
                  | grace]
 26577 | Orc:1    | Entered Level 1 of the Orcish Mines
 26629 | Orc:1    | XOM: chaos upgrade
 26634 | Orc:1    | XOM: summons 9 friendly demons
 26740 | Orc:1    | XOM: harmless Pois miscast
 26860 | Orc:1    | XOM: give mutations
 26860 | Orc:1    | Lost mutation: You possess an exceptional clarity of mind.
                  | [Xom's mischief]
 26860 | Orc:1    | Lost mutation: Your spells are much harder to cast, but
                  | much more powerful. [Xom's mischief]
 26860 | Orc:1    | Lost mutation: You rapidly evolve. [Xom's mischief]
 26923 | Orc:1    | XOM: destruction
 26951 | Orc:1    | XOM: confuse monster(s)
 27034 | Orc:1    | XOM: mild Fire miscast
 27127 | Orc:2    | Entered Level 2 of the Orcish Mines
 27154 | Orc:2    | Found Xuucief's Armour Emporium.
 27183 | Orc:2    | XOM: give mutations
 27183 | Orc:2    | Gained mutation: You are extremely resistant to the effects
                  | of hostile enchantments. (MR+++) [Xom's grace]
 27183 | Orc:2    | Gained mutation: Your skin blends seamlessly with your
                  | surroundings (Stealth++). [Xom's grace]
 27183 | Orc:2    | Gained mutation: Your spells are much harder to cast, but
                  | much more powerful. [Xom's grace]
 27187 | Orc:2    | Found Odestrott's Food Boutique.
 27192 | Orc:2    | XOM: enchant monster (bad)
 27194 | Orc:2    | XOM: polymorph two-headed ogre -> snapping turtle
 27204 | Orc:2    | XOM: divination: detect creatures
 27208 | Orc:2    | XOM: enchant monster (good)
 27233 | Orc:2    | XOM: confusion (+ monsters)
 27247 | Orc:2    | XOM: blink monster(s)
 27288 | Orc:2    | Reached skill level 16 in Polearms
 27314 | Orc:2    | XOM: cleaving
 27351 | Orc:2    | XOM: mild Chrm miscast
 27380 | Orc:2    | Found Biakeplu's Gadget Boutique.
 27380 | Orc:2    | XOM: summons 2 hostile demons
 27472 | Orc:2    | Found Nejonn's Assorted Antiques.
 27504 | Orc:2    | Found Guca Rarr's Antique Weapon Shop.
 27542 | Orc:2    | XOM: give mutations
 27542 | Orc:2    | Lost mutation: You have large cloven feet. [Xom's mischief]
 27542 | Orc:2    | Lost mutation: You are very agile. (Dex +4) [Xom's
                  | mischief]
 27542 | Orc:2    | Lost mutation: You are agile. (Dex +2) [Xom's mischief]
 27646 | Orc:2    | Gained mutation: You have sharp toenails. [evolution]
 27683 | Orc:2    | XOM: god gift: smoky orange potion {god gift}
 27703 | Orc:2    | Found a staircase to the Elven Halls.
 27790 | Orc:2    | Noticed Snorg
 27803 | Orc:2    | XOM: mild Erth miscast
 27808 | Orc:2    | Killed Snorg
 27933 | Orc:2    | XOM: noise
 27941 | Orc:2    | XOM: silly message
 27960 | Orc:2    | Bought a scroll of fog for 32 gold pieces
 27960 | Orc:2    | Bought a scroll of magic mapping for 56 gold pieces
 28172 | Swamp:1  | Entered Level 1 of the Swamp
 28358 | Swamp:1  | XOM: summons 7 friendly demons
 28411 | Swamp:1  | XOM: god gift: glowing hand axe {god gift}
 28413 | Swamp:1  | XOM: confuse monster(s)
 28414 | Swamp:1  | XOM: mild Tmut miscast
 28415 | Swamp:1  | XOM: divine lightning
 28419 | Swamp:1  | XOM: summons friendly iron imp
 28420 | Swamp:1  | Reached XP level 17. HP: 126/139 MP: 17/20
 28433 | Swamp:1  | Noticed Nikola
 28436 | Swamp:1  | XOM: fake destruction
 28438 | Swamp:1  | thanks
 28440 | Swamp:1  | XOM: enchant monster (good)
 28441 | Swamp:1  | XOM: cloud trail
 28492 | Swamp:1  | XOM: enchant monster (good)
 28495 | Swamp:1  | XOM: enchant monster (bad)
 28509 | Swamp:1  | XOM: harmless Pois miscast
 28592 | Swamp:1  | XOM: medium Pois miscast
 28601 | Swamp:1  | XOM: medium Ice miscast
 28665 | Swamp:1  | XOM: summons 3 hostile shadow creatures
 28683 | Swamp:1  | XOM: confuse monster(s)
 28684 | Swamp:1  | XOM: enchant monster (good)
 28692 | Swamp:1  | XOM: summons friendly crimson imp
 28706 | Swamp:1  | XOM: enchant monster (good)
 28709 | Swamp:1  | Killed Nikola
 28833 | Swamp:2  | XOM: enchant monster (bad)
 28844 | Swamp:2  | XOM: swap monsters
 28893 | Swamp:2  | XOM: smoke on damage
 28894 | Swamp:2  | XOM: enchant monster (good)
 29090 | Swamp:2  | XOM: noise
 29242 | Swamp:2  | XOM: harmless Tmut miscast
 29394 | Swamp:2  | XOM: draining
 29634 | Swamp:3  | XOM: summons friendly white imp
 29677 | Swamp:3  | XOM: summons friendly shadow imp
 29704 | Swamp:3  | XOM: god gift: 8 stones
 29743 | Swamp:3  | XOM: potion effect (brilliance)
 29808 | Swamp:3  | XOM: give mutations
 29808 | Swamp:3  | Gained mutation: You passively map the area around you.
                  | [Xom's grace]
 29808 | Swamp:3  | Gained mutation: You rapidly evolve. [Xom's grace]
 30105 | Swamp:3  | XOM: potion effect (might)
 30199 | Swamp:3  | XOM: harmless Tloc miscast
 30341 | Swamp:4  | Entered Level 4 of the Swamp
 30385 | Swamp:3  | XOM: harmless Air miscast
 30391 | Swamp:3  | XOM: mild Chrm miscast
 30432 | Swamp:4  | XOM: enchant monster (bad)
 30451 | Swamp:4  | XOM: harmless Chrm miscast
 30458 | Swamp:4  | XOM: fake destruction
 30466 | Swamp:4  | XOM: summons 4 friendly demons
 30520 | Swamp:4  | XOM: summons 5 friendly demons
 30523 | Swamp:4  | XOM: scenery: create altars
 30530 | Swamp:4  | XOM: fog
 30570 | Swamp:4  | XOM: confuse monster(s)
 30717 | Swamp:4  | XOM: repel stairs
 30739 | Swamp:4  | XOM: medium Conj miscast
 30783 | Swamp:4  | XOM: harmless Fire miscast
 30806 | Swamp:4  | XOM: confusion
 30825 | Swamp:4  | XOM: confuse monster(s)
 30830 | Swamp:4  | Reached skill level 17 in Polearms
 30840 | Swamp:4  | XOM: polymorph swamp drake -> howler monkey
 30876 | Swamp:4  | XOM: polymorph swamp drake -> hound
 30906 | Swamp:4  | XOM: polymorph swamp worm -> eye of devastation
 30928 | Swamp:4  | Reached XP level 18. HP: 136/148 MP: 19/21
 31041 | Swamp:4  | XOM: enchant monster (good)
 31094 | Swamp:4  | XOM: summons 6 friendly demons
 31117 | Swamp:4  | Got a decaying rune of Zot
 31208 | Swamp:4  | XOM: polymorph five-headed hydra -> ettin
 31248 | Swamp:4  | XOM: summons 7 friendly demons
 31251 | Swamp:4  | Reached skill level 15 in Fighting
 31310 | Swamp:4  | XOM: cleaving
 31497 | Lair:3   | XOM: cloud trail
 31523 | Spider:1 | Entered Level 1 of the Spider Nest
 31530 | Spider:1 | XOM: enchant monster (good)
 31531 | Spider:1 | XOM: cast spell 'Summon Butterflies'
 31555 | Spider:1 | XOM: summons 1 hostile shadow creature
 31774 | Spider:1 | XOM: potion effect (curing)
 31777 | Spider:1 | XOM: fake destruction
 31933 | Spider:1 | XOM: enchant monster (good)
 31992 | Spider:1 | Lost mutation: You are resistant to electric shocks.
                  | (rElec) [evolution]
 32074 | Spider:2 | XOM: divination: detect items
 32230 | Spider:2 | XOM: scenery: create altars
 32231 | Spider:2 | XOM: polymorph jumping spider -> lindwurm
 32269 | Spider:2 | XOM: summons 4 friendly demons
 32271 | Spider:2 | XOM: polymorph quasit -> iron imp
 32288 | Spider:2 | XOM: confusion
 32399 | Spider:2 | XOM: mild Chrm miscast
 32599 | Spider:3 | XOM: summons 2 hostile shadow creatures
 32713 | Spider:2 | XOM: torment (83/149 hp)
 32717 | Spider:2 | XOM: harmless Conj miscast
 32785 | Spider:3 | XOM: harmless Erth miscast
 32841 | Spider:3 | XOM: noise
 32848 | Spider:3 | XOM: mild Tloc miscast
 32902 | Spider:3 | XOM: medium Hex miscast
 32911 | Spider:3 | XOM: swap monsters
 33015 | Spider:3 | XOM: blink monster(s)
 33035 | Spider:3 | XOM: confusion
 33038 | Spider:3 | XOM: torment (85/149 hp)
 33044 | Spider:3 | XOM: summons 16 friendly demons
 33125 | Spider:3 | XOM: potion effect (heal wounds)
 33434 | Spider:3 | XOM: god gift: 46 gold pieces
 33514 | Spider:4 | Entered Level 4 of the Spider Nest
 33562 | Spider:4 | XOM: enchant monster (bad)
 33674 | Spider:4 | XOM: divination: magic mapping
 33680 | Spider:4 | XOM: give mutation
 33680 | Spider:4 | Lost mutation: You are extremely resistant to the effects
                  | of hostile enchantments. (MR+++) [Xom's mischief]
 33689 | Spider:4 | XOM: mild Tloc miscast
 33749 | Spider:4 | XOM: noise
 33759 | Spider:4 | XOM: give mutations
 33759 | Spider:4 | Lost mutation: You have a somewhat thin skeletal structure.
                  | (Dex +2, Stealth) [Xom's mischief]
 33759 | Spider:4 | Lost mutation: You expend magic power (3 MP) to strengthen
                  | your wands. [Xom's mischief]
 33770 | Spider:4 | XOM: summons 3 friendly demons
 33785 | Spider:4 | XOM: blink monster(s)
 33877 | Spider:4 | Reached XP level 19. HP: 155/157 MP: 22/22
 33902 | Spider:4 | XOM: polymorph jumping spider -> manticore
 33920 | Spider:4 | XOM: summons 9 hostile demons
 33939 | Spider:4 | XOM: mild Necr miscast
 34326 | Spider:4 | XOM: enchant monster (good)
 34354 | Spider:4 | XOM: summons friendly ufetubus
 34376 | Spider:4 | Reached skill level 15 in Armour
 34667 | Spider:4 | XOM: divination: detect creatures
 34803 | Spider:4 | XOM: cast spell 'Leda's Liquefaction'
 34806 | Spider:4 | XOM: cast spell 'Call Canine Familiar'
 34847 | Spider:4 | XOM: divination: magic mapping
 34895 | Spider:4 | Got a gossamer rune of Zot
 35097 | Lair:1   | XOM: mild Conj miscast
 35266 | Vaults:1 | Entered Level 1 of the Vaults
 35266 | Vaults:1 | Found Oblor's Book Shoppe.
 35266 | Vaults:1 | Found Sanyfur's Jewellery Boutique.
 35277 | Vaults:1 | XOM: mild Hex miscast
 35287 | Vaults:1 | XOM: god gift: glowing ring mail {god gift}
 35295 | Vaults:1 | XOM: scenery: 2 doors close
 35347 | Vaults:1 | XOM: polymorph yaktaur captain -> emperor scorpion
 35364 | Vaults:1 | Reached skill level 18 in Polearms
 35440 | Vaults:1 | XOM: confusion (+ monsters)
 35510 | Vaults:1 | XOM: chaos cloud
 35512 | Vaults:1 | XOM: blink monster(s)
 35517 | Vaults:1 | XOM: harmless Air miscast
 35522 | Vaults:1 | XOM: enchant monster (bad)
 35533 | Vaults:1 | XOM: enchant monster (bad)
 35544 | Vaults:1 | XOM: blink monster(s)
 35549 | Vaults:1 | XOM: cleaving
 35569 | Vaults:1 | XOM: summons 3 hostile demons
 35939 | Vaults:1 | XOM: potion effect (brilliance)
 36029 | Vaults:1 | XOM: harmless Pois miscast
 36035 | Vaults:1 | XOM: divine lightning
 36584 | Vaults:1 | XOM: scenery: 1 doors close
 36592 | Vaults:1 | Found Yruda's Distillery.
 36593 | Vaults:1 | Found Eneseq's Distillery.
 36600 | Vaults:1 | Bought a potion of invisibility for 136 gold pieces
 36600 | Vaults:1 | Bought a potion of cancellation for 136 gold pieces
 36600 | Vaults:1 | Bought a potion of might for 68 gold pieces
 36600 | Vaults:1 | Bought a potion of resistance for 170 gold pieces
 36605 | Vaults:1 | Bought a potion of heal wounds for 80 gold pieces
 36700 | Vaults:2 | Found a magical portal.
 36709 | WizLab   | Entered The Chambers of the Cloud Mage
 36719 | WizLab   | XOM: cleaving
 36729 | WizLab   | XOM: scenery: 1 doors open
 36791 | WizLab   | XOM: harmless Hex miscast
 37135 | Vaults:2 | XOM: noise
 37160 | Vaults:2 | Found a staircase to the Crypt.
 37180 | Vaults:2 | XOM: noise
 37182 | Vaults:2 | XOM: enchant monster (bad)
 37187 | Vaults:2 | Reached XP level 20. HP: 143/165 MP: 20/24
 37201 | Vaults:2 | XOM: potion effect (magic)
 37409 | Vaults:2 | XOM: harmless Chrm miscast
 37419 | Vaults:2 | XOM: cast spell 'Call Canine Familiar'
 37422 | Vaults:2 | XOM: silly message
 37468 | Vaults:2 | XOM: god gift: 1310 gold pieces
 37491 | Vaults:2 | XOM: summons friendly white imp
 37586 | Vaults:2 | XOM: summons friendly crimson imp
 37635 | Vaults:2 | XOM: potion effect (might)
 37680 | Vaults:2 | XOM: give mutations
 37680 | Vaults:2 | Gained mutation: You have razor-sharp toenails. [Xom's
                  | grace]
 37680 | Vaults:2 | Gained mutation: You are robust. (+10% HP) [Xom's grace]
 37680 | Vaults:2 | Gained mutation: Your muscles are very strong. (Str +4)
                  | [Xom's grace]
 37775 | Vaults:2 | XOM: enchant monster (bad)
 37870 | Vaults:2 | Lost mutation: You are dopey. (Int -2) [evolution]
 38003 | Vaults:2 | XOM: harmless Tloc miscast
 38163 | Vaults:2 | XOM: divination: magic mapping
 38402 | D:9      | XOM: god gift: blue potion {god gift}
 38804 | Vaults:2 | XOM: give mutations
 38804 | Vaults:2 | Gained mutation: You are surrounded by a mild repulsion
                  | field. (EV +2) [Xom's grace]
 38804 | Vaults:2 | Gained mutation: You are agile. (Dex +2) [Xom's grace]
 38959 | Vaults:3 | XOM: enchant monster (bad)
 38962 | Vaults:3 | XOM: polymorph vault warden -> shadow dragon
 38969 | Vaults:3 | XOM: polymorph shadow dragon -> frost giant
 38976 | Vaults:3 | XOM: silly message
 39028 | Vaults:3 | XOM: potion effect (agility)
 39030 | Vaults:3 | Reached skill level 19 in Polearms
 39038 | Vaults:3 | XOM: harmless Chrm miscast
 39062 | Vaults:3 | XOM: potion effect (brilliance)
 39079 | Vaults:3 | XOM: fog
 39283 | Vaults:3 | XOM: swap monsters
 39286 | Vaults:3 | XOM: swap monsters
 39288 | Vaults:3 | XOM: smoke on damage
 39289 | Vaults:3 | XOM: chaos cloud
 39302 | Vaults:3 | XOM: mild Air miscast
 39410 | Vaults:3 | XOM: give mutation
 39410 | Vaults:3 | Lost mutation: You are partially covered in yellow scales.
                  | (AC +2) [Xom's mischief]
 39441 | Vaults:3 | XOM: scenery: 3 doors close
 39513 | Vaults:3 | XOM: cleaving
 39514 | Vaults:3 | XOM: summons 4 friendly demons
 39609 | Vaults:3 | XOM: cloud trail
 39657 | Vaults:3 | XOM: cast spell 'Metabolic Englaciation'
 39662 | Vaults:3 | XOM: potion effect (agility)
 39665 | Vaults:3 | XOM: summons 4 friendly demons
 39676 | Vaults:3 | Reached XP level 21. HP: 190/190 MP: 26/26
 39699 | Vaults:3 | XOM: give mutations
 39699 | Vaults:3 | Gained mutation: You have claws for feet. [Xom's grace]
 39699 | Vaults:3 | Gained mutation: Your mind is acute. (Int +2) [Xom's grace]
 39699 | Vaults:3 | Gained mutation: You are partially covered in yellow
                  | scales. (AC +2) [Xom's grace]
 39699 | Vaults:3 | Gained mutation: Your mind is very acute. (Int +4) [Xom's
                  | grace]
 39779 | Vaults:3 | XOM: scenery: create altars
 39781 | Vaults:3 | XOM: fog
 39784 | Vaults:3 | XOM: summons 3 friendly demons
 39790 | Vaults:3 | XOM: scenery: 1 doors close
 39791 | Vaults:3 | XOM: scenery: 1 doors open
 40177 | Vaults:3 | XOM: god gift: 16 arrows
 40223 | Vaults:3 | Got an ichor-stained spear
 40404 | Vaults:4 | Found Zeopto's Food Emporium.
 40410 | Vaults:4 | Noticed Margery
 40419 | Vaults:4 | XOM: cast spell 'Statue Form'
 40427 | Vaults:3 | Killed Margery
 40462 | Vaults:4 | XOM: smoke on damage
 40562 | Vaults:4 | XOM: potion effect (heal wounds)
 40566 | Vaults:4 | Noticed Sojobo
 40568 | Vaults:4 | XOM: divination: magic mapping
 40592 | Vaults:4 | Noticed Sojobo
 40592 | Vaults:4 | Sojobo changed into Sojobo the juggernaut
 40592 | Vaults:4 | XOM: polymorph Sojobo -> Sojobo the juggernaut
 40599 | Vaults:4 | XOM: silly message
 40602 | Vaults:4 | Killed Sojobo the juggernaut
 40691 | Vaults:4 | XOM: divination: detect creatures
 40705 | Vaults:4 | XOM: potion effect (might)
 40816 | Vaults:4 | XOM: cast spell 'Shadow Creatures'
 40819 | Vaults:4 | XOM: summons 5 friendly demons
 40827 | Vaults:4 | XOM: mild Hex miscast
 40861 | Vaults:4 | XOM: fog
 41021 | Vaults:4 | XOM: scenery: 2 doors close
 41060 | Vaults:4 | XOM: summons friendly crimson imp
 41061 | Vaults:4 | Reached skill level 20 in Polearms
 41235 | Vaults:4 | XOM: scenery: 1 doors close
 41313 | Vaults:4 | Found Kumam's Distillery.
 41320 | Vaults:4 | Found Ryett's Gadget Emporium.
 41323 | Vaults:4 | Bought a potion of heal wounds for 85 gold pieces
 41340 | Vaults:4 | Bought a lamp of fire for 760 gold pieces
 41362 | Vaults:4 | Found Ehostrayl's Antique Armour Emporium.
 41368 | Vaults:4 | Bought a shiny crystal plate armour for 2822 gold pieces
 41422 | Vaults:4 | XOM: give mutations
 41422 | Vaults:4 | Gained mutation: You expend magic power (3 MP) to
                  | strengthen your wands. [Xom's grace]
 41422 | Vaults:4 | Gained mutation: You passively map a large area around you.
                  | [Xom's grace]
 41455 | Vaults:4 | XOM: god gift: runed demon trident {god gift}
 41463 | Vaults:4 | XOM: enchant monster (good)
 41583 | Vaults:4 | XOM: summons 1 hostile demon
 41586 | Vaults:4 | wow, that was soo difficult
 41750 | Depths:1 | Entered Level 1 of the Depths
 41754 | Depths:1 | XOM: scenery: create altars
 41760 | Depths:1 | XOM: scenery: create altars
 41761 | Depths:1 | XOM: destruction
 41763 | Depths:1 | XOM: polymorph purple ugly thing -> fire dragon
 41787 | Depths:1 | XOM: harmless Erth miscast
 41794 | Depths:1 | Reached XP level 22. HP: 180/201 MP: 25/28
 41801 | Depths:1 | XOM: give mutations
 41801 | Depths:1 | Gained mutation: You have sharp fingernails. [Xom's grace]
 41801 | Depths:1 | Gained mutation: You have an increased reservoir of magic.
                  | (+10% MP) [Xom's grace]
 41812 | Depths:1 | XOM: summons friendly iron imp
 41887 | Depths:1 | XOM: fake destruction
 41889 | Depths:1 | XOM: cast spell 'Dispersal'
 41896 | Depths:1 | XOM: potion effect (invisibility)
 41907 | Depths:1 | XOM: polymorph purple very ugly thing -> iron giant
 41952 | Depths:1 | XOM: god gift: wand of disintegration (9)
 41995 | Depths:1 | XOM: confuse monster(s)
 41998 | Depths:1 | XOM: divine lightning
 41999 | Depths:1 | Reached skill level 15 in Dodging
 42002 | Depths:1 | XOM: divine lightning
 42022 | Depths:1 | XOM: scenery: create altars
 42135 | Depths:1 | XOM: god gift: glowing shortbow {god gift}
 42179 | Depths:1 | Found a one-way gate leading to the halls of Pandemonium.
 42203 | Depths:1 | XOM: god gift: scroll of teleportation
 42209 | Depths:1 | XOM: summons friendly iron imp
 42210 | Depths:1 | XOM: confuse monster(s)
 42222 | Depths:1 | XOM: fog
 42233 | Depths:1 | XOM: divine lightning
 42276 | Depths:1 | XOM: divine lightning
 42352 | Depths:1 | XOM: cast spell 'Summon Small Mammal'
 42384 | Depths:1 | Found a gateway to a ziggurat.
 42384 | Depths:1 | XOM: destruction
 42386 | Depths:1 | Found a gateway to Hell.
 42390 | Depths:1 | XOM: summons friendly shadow imp
 42397 | Depths:1 | XOM: enchant monster (good)
 42424 | Depths:1 | Found Jacoj's Gadget Boutique.
 42427 | Depths:1 | Found Werero's Distillery.
 42428 | Depths:1 | Found Gozuph's Magic Scroll Boutique.
 42429 | Depths:1 | Found Zoumazu's Antique Weapon Boutique.
 42442 | Depths:1 | Bought 2 potions of invisibility for 224 gold pieces
 42442 | Depths:1 | Bought a potion of resistance for 140 gold pieces
 42442 | Depths:1 | Bought a potion of might for 56 gold pieces
 42446 | Depths:1 | Bought a scroll of summoning for 123 gold pieces
 42446 | Depths:1 | Bought a scroll of enchant weapon for 97 gold pieces
 42632 | Depths:2 | XOM: enchant monster (good)
 42677 | Depths:2 | XOM: summons 7 hostile demons
 42693 | Depths:2 | XOM: enchant monster (bad)
 42710 | Depths:2 | XOM: potion effect (might)
 42871 | Depths:2 | XOM: divine lightning
 42875 | Depths:2 | XOM: medium Fire miscast
 42884 | Depths:2 | Reached skill level 21 in Polearms
 42934 | Depths:2 | XOM: harmless Hex miscast
 42941 | Depths:2 | XOM: divine lightning
 42946 | Depths:2 | Reached XP level 23. HP: 174/211 MP: 29/31
 42954 | Depths:2 | XOM: noise
 42965 | Depths:2 | XOM: confusion (+ monsters)
 42966 | Depths:2 | XOM: polymorph white very ugly thing -> acid blob
 42979 | Depths:2 | XOM: divination: detect items
 43103 | Depths:2 | XOM: mild Pois miscast
 43201 | Depths:2 | XOM: divination: detect items
 43205 | Depths:2 | XOM: noise
 43328 | Depths:2 | Noticed a juggernaut
 43329 | Depths:2 | XOM: divination: detect items
 43345 | Depths:2 | Killed a juggernaut
 43413 | Depths:2 | XOM: enchant monster (good)
 43437 | Depths:2 | XOM: summons 4 friendly demons
 43440 | Depths:2 | XOM: enchant monster (good)
 43444 | Depths:2 | XOM: confuse monster(s)
 43543 | Depths:2 | XOM: silly message
 43653 | Depths:2 | XOM: noise
 43673 | Depths:2 | XOM: harmless Conj miscast
 43867 | Depths:3 | XOM: cast spell 'Summon Ice Beast'
 43879 | Depths:3 | Got a bound brass ring
 43882 | Depths:3 | Identified the ring of Raokk {+Fly rF+ Str+2 Slay-3} (You
                  | found it on level 3 of the Depths)
 43895 | Depths:3 | XOM: summons friendly ufetubus
 43900 | Depths:3 | XOM: enchant monster (good)
 43901 | Depths:3 | Noticed Saint Roka
 43903 | Depths:3 | XOM: confuse monster(s)
 43920 | Depths:3 | Killed Saint Roka
 43940 | Depths:3 | XOM: enchant monster (good)
 44061 | Depths:3 | XOM: noise
 44102 | Depths:3 | XOM: fog
 44159 | Depths:3 | Identified a ring of the Octopus King {AC+1 EV+1 Str+1
                  | Int+1 Dex+1 Stlth+}
 44166 | Depths:3 | XOM: scenery: 1 doors open
 44248 | Depths:3 | XOM: give mutations
 44248 | Depths:3 | Gained mutation: Your system is resistant to poisons.
                  | (rPois) [Xom's grace]
 44248 | Depths:3 | Gained mutation: You are very agile. (Dex +4) [Xom's grace]
 44309 | Depths:3 | Got a bound silver ring
 44310 | Depths:3 | Identified the ring "Jour Quoba" {MR++ Str+5 Int-3} (You
                  | found it on level 3 of the Depths)
 44354 | Depths:3 | XOM: give mutations
 44354 | Depths:3 | Gained mutation: You are extremely resistant to the effects
                  | of hostile enchantments. (MR+++) [Xom's grace]
 44354 | Depths:3 | Gained mutation: You are very robust. (+20% HP) [Xom's
                  | grace]
 44365 | Depths:3 | Found a one-way gate to the infinite horrors of the Abyss.
 44410 | Depths:3 | XOM: confusion
 44436 | Depths:3 | Found Qaywa's Book Shoppe.
 44438 | Depths:3 | Reached XP level 24. HP: 241/241 MP: 32/32
 44520 | Depths:3 | XOM: draining
 44525 | Depths:3 | XOM: blink monster(s)
 44551 | Depths:3 | XOM: harmless Tloc miscast
 44593 | Depths:3 | XOM: swap monsters
 44632 | Depths:3 | Reached skill level 22 in Polearms
 44748 | Depths:3 | XOM: mild Fire miscast
 44813 | Depths:3 | XOM: noise
 44818 | Depths:3 | XOM: summons 2 friendly demons
 44825 | Depths:4 | XOM: potion effect (might)
 44827 | Depths:3 | XOM: summons 1 friendly demon
 44829 | Depths:3 | XOM: divine lightning
 44836 | Depths:4 | XOM: divination: detect creatures
 44842 | Depths:4 | XOM: polymorph shadow dragon -> fire giant
 44853 | Depths:3 | XOM: scenery: 2 doors close
 44854 | Depths:3 | XOM: divine lightning
 44991 | Depths:4 | XOM: confusion (+ monsters)
 44996 | Depths:4 | XOM: enchant monster (good)
 45014 | Depths:4 | XOM: blink monster(s)
 45045 | Depths:4 | XOM: polymorph stone giant -> sphinx
 45053 | Depths:4 | XOM: summons 2 friendly demons
 45100 | Depths:4 | XOM: destruction
 45255 | Depths:4 | Noticed a juggernaut
 45255 | Depths:4 | a titan changed into a juggernaut
 45255 | Depths:4 | XOM: polymorph titan -> juggernaut
 45255 | Depths:4 | Gained mutation: Your flesh is cold resistant. (rC+)
                  | [evolution]
 45258 | Depths:4 | XOM: polymorph fire giant -> shadow dragon
 45264 | Depths:4 | Killed a juggernaut
 45280 | Depths:4 | Noticed a caustic shrike
 45280 | Depths:4 | a shadow dragon changed into a caustic shrike
 45280 | Depths:4 | XOM: polymorph shadow dragon -> caustic shrike
 45285 | Depths:4 | Killed a caustic shrike
 45364 | Depths:4 | Noticed a golden dragon
 45368 | Depths:4 | XOM: give mutation
 45368 | Depths:4 | Lost mutation: You are extremely resistant to the effects
                  | of hostile enchantments. (MR+++) [Xom's mischief]
 45375 | Depths:4 | Killed a golden dragon
 45387 | Depths:4 | Found the +9 staff of Wucad Mu {channel}
 45402 | Depths:4 | Got an ichor-stained leather armour
 45497 | Depths:4 | XOM: harmless Fire miscast
 45526 | Depths:4 | XOM: swap monsters
 45535 | Depths:4 | XOM: mild Pois miscast
 45545 | Depths:3 | Reached skill level 10 in Evocations
 45758 | Depths:4 | Found a corrupted altar of Lugonu.
 45840 | Depths:4 | XOM: enchant monster (bad)
 45843 | Depths:4 | Reached XP level 25. HP: 224/250 MP: 28/33
 45847 | Depths:4 | XOM: noise
 46058 | Depths:5 | Entered Level 5 of the Depths
 46171 | Depths:5 | XOM: divination: detect creatures
 46183 | Depths:5 | Found Zaot's Antique Weapon Shop.
 46474 | Depths:5 | XOM: summons friendly shadow imp
 46504 | Depths:5 | XOM: summons 3 friendly demons
 46508 | Depths:5 | XOM: enchant monster (good)
 46536 | Depths:5 | XOM: scenery: create altars
 46579 | Depths:5 | XOM: smoke on damage
 46594 | Depths:5 | XOM: summons friendly white imp
 46606 | Depths:5 | XOM: scenery: create altars
 46751 | Depths:5 | Found a portal to a secret trove of treasure.
 46832 | Depths:5 | Found a gate to the Realm of Zot.
 46903 | Depths:5 | XOM: scenery: 3 doors open
 46961 | Depths:5 | XOM: cloud trail
 47320 | Vaults:1 | Bought an uncursed ring of resist corrosion for 300 gold
                  | pieces
 47376 | D:12     | XOM: scenery: create altars
 47585 | Slime:1  | Entered Level 1 of the Pits of Slime
 47587 | Slime:1  | XOM: divination: detect creatures
 47589 | Slime:1  | XOM: summons friendly crimson imp
 47590 | Slime:1  | XOM: scenery: create altars
 47628 | Lair:6   | XOM: polymorph slime creature -> eye of devastation
 47692 | Slime:2  | Reached skill level 23 in Polearms
 47699 | Slime:2  | XOM: confuse monster(s)
 47708 | Slime:2  | XOM: god gift: 430 gold pieces
 47721 | Slime:2  | XOM: cast spell 'Dispersal'
 47729 | Slime:2  | XOM: swap monsters
 47738 | Slime:2  | XOM: polymorph acid blob -> shadow dragon
 47740 | Slime:2  | XOM: god gift: potion of mutation
 47742 | Slime:2  | XOM: enchant monster (good)
 47819 | Slime:3  | Lost mutation: You are very robust. (+20% HP) [a shining
                  | eye]
 47839 | Slime:4  | XOM: divine lightning
 47845 | Slime:4  | XOM: confuse monster(s)
 47864 | Slime:5  | Entered Level 5 of the Pits of Slime
 47864 | Slime:5  | XOM: potion effect (might)
 48028 | Slime:5  | XOM: cast spell 'Cause Fear'
 48091 | Slime:5  | Noticed the Royal Jelly
 48092 | Slime:5  | Found a viscous altar of Jiyva.
 48098 | Slime:5  | forgot torment haha
 48102 | Slime:5  | Killed the Royal Jelly
 48102 | Slime:5  | Reached XP level 26. HP: 188/239 MP: 24/34
 48107 | Slime:5  | XOM: cast spell 'Summon Ice Beast'
 48224 | Slime:4  | XOM is BORED!
 48224 | Slime:4  | XOM: noise
 48227 | Slime:5  | XOM: harmless Ice miscast
 48248 | Slime:5  | Identified the ring of Xodiwkopp {-Tele MR+ Int+5} (You
                  | found it on level 5 of the Pits of Slime)
 48252 | Slime:5  | Got a slimy rune of Zot
 48273 | Slime:5  | Found the +5 robe of Misfortune {*Contam Harm *Corrode
                  | *Drain *Slow EV+5}
 48294 | Slime:5  | Got a smoking arbalest
 48344 | Slime:5  | Got a crystal dire flail
 48347 | Slime:5  | XOM: give mutations
 48347 | Slime:5  | Gained mutation: You are extremely resistant to the effects
                  | of hostile enchantments. (MR+++) [Xom's grace]
 48347 | Slime:5  | Gained mutation: You heal very quickly. [Xom's grace]
 48546 | D:9      | XOM: god gift: box of beasts
 48576 | D:9      | XOM: god gift: 19 gold pieces
 48658 | D:12     | XOM: harmless Tmut miscast
 48823 | Depths:5 | XOM: god gift: faintly glowing garnet amulet {god gift}
 48826 | Depths:5 | XOM: god gift: ration
 48827 | Depths:5 | Identified the amulet of the Enemy {Gourm rElec} (Xom
                  | gifted it to you on level 5 of the Depths)
 48882 | Depths:5 | You showed the slimy rune of Zot to enter a treasure trove
 48883 | Trove    | Entered a treasure trove
 48907 | Trove    | Found the ring of Phasing {EV+8}
 48930 | Trove    | XOM: summons 7 hostile demons
 48952 | Trove    | XOM: medium Fire miscast
 49039 | Zot:1    | Entered Level 1 of the Realm of Zot
 49061 | Zot:1    | XOM: harmless Tloc miscast
 49062 | Zot:1    | XOM: summons 2 hostile shadow creatures
 49116 | Zot:1    | XOM: destruction
 49120 | Zot:1    | XOM: polymorph moth of wrath -> two-headed ogre
 49232 | Zot:1    | XOM: blink monster(s)
 49236 | Zot:1    | XOM: summons friendly quasit
 49247 | Zot:1    | XOM: scenery: create altars
 49440 | Zot:1    | XOM: give mutations
 49440 | Zot:1    | Gained mutation: You are very robust. (+20% HP) [Xom's
                  | grace]
 49440 | Zot:1    | Gained mutation: You regenerate. [Xom's grace]
 49440 | Zot:1    | Gained mutation: You possess an exceptional clarity of
                  | mind. [Xom's grace]
 49440 | Zot:1    | Gained mutation: You are covered in thick fur. (AC +2)
                  | [Xom's grace]
 49516 | Zot:1    | XOM: medium Air miscast
 49517 | Zot:1    | Noticed Miyhai's ghost (legendary BaAr)
 49518 | Zot:1    | Noticed an orb of fire
 49540 | Zot:1    | Found a runed gate.
 49540 | Zot:1    | Found a runed gate.
 49540 | Zot:1    | Found a runed gate.
 49827 | Zot:1    | XOM: divination: detect items
 49912 | Zot:1    | XOM: give mutation
 49912 | Zot:1    | Lost mutation: You have a beak for a mouth. [Xom's grace]
 49912 | Zot:1    | Gained mutation: You have very sharp teeth. [Xom's grace]
 50014 | Zot:2    | XOM: stealth player
 50037 | Zot:2    | XOM: summons friendly shadow imp
 50044 | Zot:1    | XOM: enchant monster (good)
 50062 | Zot:2    | XOM: mild Necr miscast
 50066 | Zot:2    | XOM: chaos upgrade
 50073 | Zot:2    | XOM: medium Tloc miscast
 50108 | Zot:2    | Found the +8 glaive of the Guard {elec, +Rage AC+5 SInv}
 50275 | Zot:2    | XOM: summons 1 hostile shadow creature
 50419 | Zot:2    | Got a pair of smoking gloves
 50420 | Zot:2    | Identified the +2 pair of gloves of Zin's Displeasure
                  | {Stlth+} (You found it on level 2 of the Realm of Zot)
 50493 | Zot:2    | XOM: give mutation
 50493 | Zot:2    | Gained mutation: Your thick and shaggy fur keeps you warm.
                  | (AC +3, rC+) [Xom's grace]
 50651 | Zot:2    | XOM: cloud trail
 50730 | Zot:3    | Reached skill level 24 in Polearms
 50734 | Zot:3    | XOM: confuse monster(s)
 50762 | Zot:2    | XOM: harmless Chrm miscast
 50772 | Zot:2    | XOM: cleaving
 50867 | Zot:3    | XOM: potion effect (curing)
 50935 | Zot:3    | XOM: harmless Summ miscast
 50962 | Zot:3    | Lost mutation: You are very robust. (+20% HP) [evolution]
 50962 | Zot:3    | Lost mutation: You rapidly evolve. [decline of evolution]
 51105 | Zot:3    | Reached XP level 27. HP: 249/249 MP: 34/34
 51490 | Zot:4    | XOM: potion effect (brilliance)
 51534 | Zot:4    | XOM: potion effect (agility)
 51541 | Zot:4    | XOM: potion effect (invisibility)
 51616 | Zot:4    | XOM: harmless Conj miscast
 51692 | Zot:4    | XOM: harmless Summ miscast
 51722 | Zot:4    | XOM: harmless Pois miscast
 51801 | Zot:4    | XOM: divination: detect creatures
 51921 | Zot:4    | XOM: potion effect (brilliance)
 52026 | Zot:4    | XOM: divination: magic mapping
 52444 | Zot:4    | Identified the cursed +0 chain mail of Classification
                  | {+Blink Stlth+} (You found it on level 4 of the Realm of
                  | Zot)
 52674 | Zot:4    | XOM: give mutations
 52674 | Zot:4    | Gained mutation: You have a considerably increased
                  | reservoir of magic. (+20% MP) [Xom's grace]
 52674 | Zot:4    | Gained mutation: You have a greatly increased reservoir of
                  | magic. (+30% MP) [Xom's grace]
 52802 | Zot:4    | alright
 52803 | Zot:5    | Entered Level 5 of the Realm of Zot
 52931 | Zot:5    | XOM: give mutation
 52931 | Zot:5    | Gained mutation: You are very robust. (+20% HP) [Xom's
                  | grace]
 52990 | Zot:5    | XOM: give mutations
 52990 | Zot:5    | Lost mutation: You expend magic power (3 MP) to strengthen
                  | your wands. [Xom's mischief]
 52990 | Zot:5    | Lost mutation: You passively map a large area around you.
                  | [Xom's mischief]
 52990 | Zot:5    | Lost mutation: Your spells are much harder to cast, but
                  | much more powerful. [Xom's mischief]
 52990 | Zot:5    | Lost mutation: You passively map the area around you.
                  | [Xom's mischief]
 53173 | Zot:5    | XOM: god gift: ration
 53348 | Zot:5    | Identified Xom's Tome of Suicidal Tendencies (Xom gifted it
                  | to you on level 5 of the Realm of Zot)
 53348 | Zot:5    | XOM: god gift: Xom's Tome of Suicidal Tendencies
 53390 | Zot:5    | XOM: cast spell 'Ring of Flames'
 53450 | Zot:5    | Noticed an ancient lich
 53450 | Zot:5    | XOM: summons friendly crimson imp
 53465 | Zot:5    | Killed an ancient lich
 53562 | Zot:5    | Noticed an ancient lich
 53568 | Zot:5    | XOM: summons friendly iron imp
 53580 | Zot:5    | Killed an ancient lich
 53580 | Zot:5    | Reached skill level 25 in Polearms
 53598 | Zot:5    | Noticed an ancient lich
 53608 | Zot:5    | Killed an ancient lich
 53721 | Zot:5    | XOM: divination: detect items
 53729 | Zot:5    | Noticed an orb of fire
 53729 | Zot:5    | Gained mutation: You occasionally shout uncontrollably at
                  | your foes. [an orb of fire]
 53739 | Zot:5    | XOM: swap monsters
 53743 | Zot:5    | Killed an orb of fire
 53844 | Zot:5    | Noticed an orb of fire
 53862 | Zot:5    | Noticed an orb of fire
 53870 | Zot:4    | XOM: summons 3 hostile shadow creatures
 53870 | Zot:4    | Gained mutation: You sometimes yell uncontrollably at your
                  | foes. [an orb of fire]
 53871 | Zot:4    | XOM: enchant monster (bad)
 53882 | Zot:4    | Killed an orb of fire
 53900 | Zot:5    | Gained mutation: Scrolls take you a little longer to read.
                  | [an orb of fire]
 53903 | Zot:5    | XOM: harmless Erth miscast
 53907 | Zot:5    | Gained mutation: Scrolls take you longer to read. [an orb
                  | of fire]
 53911 | Zot:5    | Gained mutation: Scrolls take you much longer to read. [an
                  | orb of fire]
 53915 | Zot:5    | Gained mutation: Armour fits poorly on your strangely
                  | shaped body. [an orb of fire]
 53916 | Zot:5    | Killed an orb of fire
 53989 | Zot:5    | XOM: severe Chrm miscast
 54011 | Zot:5    | Lost mutation: Your spells are harder to cast, but more
                  | powerful. [mutagenic glow]
 54370 | Zot:5    | XOM: confuse monster(s)
 55522 | Zot:5    | XOM: confuse monster(s)
 55571 | Zot:5    | XOM: potion effect (might)
 55597 | Zot:5    | Noticed an orb of fire
 55600 | Zot:5    | Noticed an orb of fire
 55603 | Zot:5    | XOM: divination: magic mapping
 55607 | Zot:5    | Killed an orb of fire
 55608 | Zot:5    | Lost mutation: You are very agile. (Dex +4) [an orb of
                  | fire]
 55610 | Zot:5    | XOM: potion effect (invisibility)
 55610 | Zot:5    | Noticed an orb of fire
 55618 | Zot:5    | XOM: divination: magic mapping
 55619 | Zot:5    | Killed an orb of fire
 55625 | Zot:5    | Killed an orb of fire
 55718 | Zot:5    | XOM: cast spell 'Alistair's Intoxication'
 55727 | Zot:5    | XOM: potion effect (might)
 55744 | Zot:5    | XOM: cast spell 'Shadow Creatures'
 55822 | Zot:5    | XOM: divination: detect items
 55847 | Zot:5    | Noticed an orb of fire
 55848 | Zot:5    | XOM: silly message
 55855 | Zot:5    | XOM: summons friendly crimson imp
 55860 | Zot:5    | Lost mutation: Your spells are a little harder to cast, but
                  | a little more powerful. [an orb of fire]
 55864 | Zot:5    | Lost mutation: You are very robust. (+20% HP) [an orb of
                  | fire]
 55870 | Zot:5    | Killed an orb of fire
 55876 | Zot:5    | XOM: potion effect (might)
 55891 | Zot:5    | XOM: potion effect (invisibility)
 55906 | Zot:5    | Noticed an orb of fire
 55917 | Zot:5    | Killed an orb of fire
 55938 | Zot:5    | XOM: summons friendly quasit
 56462 | Zot:5    | XOM: mild Summ miscast
 56739 | Zot:5    | Got the Orb of Zot
 56744 | Zot:5    | Reached skill level 15 in Shields
 56755 | Zot:5    | XOM: confuse monster(s)
 56781 | Zot:5    | Noticed Wugitaf the pandemonium lord
 56782 | Zot:5    | oh right
 56791 | Zot:5    | XOM: swap monsters
 56792 | Zot:5    | XOM: swap monsters
 56796 | Zot:5    | Killed Wugitaf the pandemonium lord
 56868 | Zot:2    | XOM: enchant monster (bad)
 57041 | Depths:1 | XOM: harmless Hex miscast
 57098 | D:13     | XOM: destruction
 57351 | D:3      | XOM: scenery: create altars
 57416 | D:1      | XOM: god gift: 940 gold pieces
 57432 | D:1      | gg
 57433 | D:$      | Escaped with the Orb!

Vault maps used:
D:1:      evilmike_arrival_run_for_it, hangedman_decor_clover_reticule
D:2:      serial_park_tiny_1, chequers_arboretum, uniq_jessica
D:3:      gup_sewer_entry_spiral, uniq_robin, uniq_crazy_yiuf_cottage
D:4:      gammafunk_steamed_eel, minitemple, minmay_temple_entry_fiery,
          first_ration, lightli_ossuary_entry_decrepit_ruins, uniq_menkaure,
          uniq_purgy, uniq_grinder, uniq_sigmund
D:5:      nicolae_qazlal_general_emergency
D:6:      minmay_overflow_temple_star_hex, lemuel_doored_altar,
          kennysheep_vampire_church, nemelex_xobeh_ov_fountains_minmay,
          hangedman_abyss_or_decor_stabs, tgw_fedhas, uniq_pikel, uniq_edmund,
          uniq_blork_the_orc
D:7:      lemuel_crystal_altar
D:9:      overflow_temple_1_default, lair_entry_dummy
D:10:     kennysheep_orc_monster_closet_entryway, grunt_tengu_nest
D:11:     basic_altar, xom_redecorated, uniq_maurice
D:12:     disabler_island
D:13:     erik_vaults_1, basic_altar
D:14:     minmay_misc_feat_iff, uniq_nessos, uniq_louise, uniq_josephine
D:15:     hangedman_depths_entry_try_elsewhere_first, minmay_misc_feat_enclosed
Lair:1:   special_room, infiniplex_staircase_pool
Lair:2:   grunt_megastairs_4
Lair:3:   swamp_mist_pool, gammafunk_ghost_icy, hangedman_lair_generics_rect
Lair:4:   spider_nest_entry_rubble
Lair:5:   basic_altar, serial_bayou_shore_b
Lair:6:   guppyfry_lair_end_dragon, hangedman_lair_caniforms_friends,
          dpeg_slime_entry_enclosed_altar, gammafunk_ghost_necromancy
Swamp:1:  evilmike_swamp_ruin_rubble_2, swamp_pool1, uniq_nikola
Swamp:2:  nicolae_swamp_dense_foliage
Swamp:3:  serial_swamp_ruin, evilmike_swamp_ruin_house_4,
          evilmike_swamp_ruin_house_3, evilmike_swamp_ruin_house_5
Swamp:4:  swamp_alternative
Spider:2: nicolae_spider_cling_halls
Spider:3: special_room
Spider:4: grunt_spider_rune_parallel, spider_trap
Slime:3:  nicolae_slime_round_cave
Orc:2:    st_orc_open, serial_shops, shop, uniq_snorg
Vaults:1: vaults_standard_mumra_x, vaults_room_door_hall,
          grunt_vaults_hallway_long, vaults_room_grid, hangedman_vaults_maws,
          nicolae_vaults_network_periphery, v_rooms_3,
          ontoclasm_vaults_claustrophobia, vaults_room_large_hall,
          nicolae_vaults_little_squares_6, v_misc_17, v_misc_23,
          vaults_room_pools, vaults_room_hallway,
          vaults_room_grunt_arrival_ludios, vaults_dpeg_diagonal, serial_shops,
          nicolae_shop_waterfront, shop, shop, nicolae_shop_trees
Vaults:2: minmay_crypt_entry_simple_sparse, nicolae_vaults_shelves_hall,
          nicolae_vaults_murderbox, hangedman_vaults_slither, v_misc_25,
          v_alt_pattern_2, hangedman_vaults_maws, v_misc_30, vaults_dpeg_ring,
          v_alt_pattern_5, hangedman_vaults_nails, vaults_room_pools,
          mu_enter_wizlab_4
Vaults:3: nicolae_vaults_gold_heap, st_octagons_1, v_misc_33,
          ontoclasm_vaults_decontamination, vaults_room_door_hall,
          nicolae_vaults_asterisk
Vaults:4: nicolae_vaults_little_squares_6, v_misc_29, vaults_room_fours,
          nicolae_vaults_yaktaur_gun_rack, vaults_room_fours, v_misc_3,
          grunt_vaults_trifunnel, nicolae_vaults_little_squares_3,
          hangedman_vaults_hard_town_square, vaults_dpeg_encased_lava,
          ontoclasm_vaults_gateway, serial_shops, shop_fountains, uniq_sojobo,
          uniq_margery
Depths:1: enter_ziggurat_c, hell_entry, skrybe_limestone_x,
          rand_demon_pan_entry_4, minmay_shop_grid_forest,
          minmay_variable_closet, solitary_fountain, kennysheep_just_a_vault
Depths:2: hourglass_vault, hellmouth_1, minmay_misc_feat_x, evilmike_ambush
Depths:3: hangedman_spin_cycle, pan_entry, abyss_entry, hell_entry
Depths:4: minmay_shrinking_squares, hangedman_decor_slide_cut, hell_entry,
          abyss_entry_flame_altar
Depths:5: grunt_x_marks_the_spot, nicolae_trove_entry_free_sample,
          kennysheep_pointless_box, hell_entry, serial_shops, shop_coins
Zot:1:    gammafunk_ghost_split
Zot:2:    grunt_megastairs_3
Zot:5:    grunt_ministairs_15
Trove:    trove_garden
Sewer:    sewer_kobolds
Ossuary:  ossuary_due_cavern
WizLab:   wizlab_cloud

Skill      XL: |  1  2  3  4  5  6  7  8  9 10 11 12 13 14 15 16 17 18 19 20 21 22 23 24 25 26 27 |
---------------+----------------------------------------------------------------------------------+-----
Armour         | 3 4 5 6 7 8 9 10 11 13 14 15 16 17 18 19 20 21 | 21.5
Fighting       | 4 5 14 15 16 17 18 19 20 22 | 22.1
Shields        | 1 2 3 4 5 7 8 9 10 12 13 15 | 15.0
Polearms       | 4 5 6 7 9 10 12 13 15 16 17 18 19 20 21 22 23 24 25 | 25.9
Dodging        | 1 3 5 6 8 9 11 12 13 14 15 16 17 18 | 18.8
Evocations     | 3 5 7 8 10 11 | 11.0

Action                   |  1- 3 |  4- 6 |  7- 9 | 10-12 | 13-15 | 16-18 | 19-21 | 22-24 | 25-27 || total
-------------------------+-------+-------+-------+-------+-------+-------+-------+-------+-------++-------
Melee: Spear             |    74 |   285 |   305 |       |       |       |       |       |       ||   664
       Halberd           |       |       |    19 |   822 |   694 |       |       |       |       ||  1535
       Trident           |       |       |       |       |    40 |       |       |       |       ||    40
       Bardiche          |       |       |       |       |   602 |  1353 |  1227 |  1045 |  1300 ||  5527
       Peck              |       |       |       |       |   164 |   286 |   256 |   278 |   113 ||  1097
       Kick              |       |       |       |       |       |       |   126 |   458 |   554 ||  1138
       Bite              |       |       |       |       |       |       |       |       |   127 ||   127
Throw: Throwing net      |       |       |       |       |       |       |       |       |     2 ||     2
 Abil: Shaft Self        |       |       |     1 |       |       |       |       |       |       ||     1
       Dig               |       |       |       |     8 |    21 |    19 |     1 |     8 |    26 ||    83
Evoke: Wand              |       |       |     3 |    10 |     8 |       |       |     1 |     4 ||    26
       Phial of floods   |       |       |       |     2 |       |       |       |       |       ||     2
       Lightning rod     |       |       |       |       |       |       |     3 |       |       ||     3
       Lamp of fire      |       |       |       |       |       |       |       |     2 |       ||     2
  Use: Scroll            |       |       |    11 |     7 |    14 |     6 |     1 |    10 |    16 ||    65
       Potion            |       |       |       |    16 |     3 |     2 |     2 |     4 |     6 ||    33
 Stab: Petrified         |       |     6 |     2 |     3 |    16 |     4 |       |       |     3 ||    34
       Paralysed         |       |       |     7 |     1 |       |       |       |     2 |       ||    10
       Confused          |       |       |     1 |     2 |     4 |     8 |       |     4 |     9 ||    28
       Distracted        |       |       |       |     4 |     2 |    10 |     5 |     5 |     3 ||    29
       Petrifying        |       |       |       |     2 |       |       |       |     2 |     2 ||     6
       Sleeping          |       |       |       |       |     2 |     8 |     6 |       |       ||    16
       Invisible         |       |       |       |       |       |     4 |       |     6 |     5 ||    15
  Eat: Chunk             |       |     6 |     7 |    27 |    42 |    30 |    22 |    15 |    39 ||   188
       Ration            |       |       |       |     2 |       |     1 |     2 |     1 |     4 ||    10
Armor: Leather armour    |    17 |       |       |       |       |       |       |       |       ||    17
       Chain mail        |       |   117 |   168 |   323 |   263 |       |       |       |       ||   871
       Skin              |       |       |       |    33 |       |       |     6 |       |       ||    39
       Swamp dragon scal |       |       |       |       |   154 |   272 |   159 |       |       ||   585
       Ice dragon scales |       |       |       |       |       |       |    13 |       |       ||    13
       Storm dragon scal |       |       |       |       |       |       |    32 |       |       ||    32
       Crystal plate arm |       |       |       |       |       |       |    19 |   234 |   256 ||   509
Dodge: Dodged            |    25 |    42 |    83 |   266 |   617 |  1018 |   885 |   573 |   617 ||  4126
Block: Shield            |       |    98 |   153 |   466 |   710 |       |       |       |       ||  1427
       Large shield      |       |       |       |       |       |  1378 |  1143 |   889 |   733 ||  4143

Table legend:
 A = Non-vault XP
 B = Vault XP
 C = Vault XP percentage of total XP
 D = Non-vault monster count
 E = Vault monster count
 F = Vault count percentage of total count
                 A         B        C        D         E       F
            +---------+---------+-------+---------+---------+-------
      Total |  762580 |  592479 |  43.7 |    1521 |     679 |  30.9
            +---------+---------+-------+---------+---------+-------
        D:1 |      76 |       5 |   6.2 |      31 |       1 |   3.1
        D:2 |      49 |      37 |  43.0 |      18 |       1 |   5.3
        D:3 |     356 |     291 |  45.0 |      38 |      18 |  32.1
        D:4 |     412 |     482 |  53.9 |      15 |       2 |  11.8
        D:5 |     118 |       0 |   0.0 |       8 |       0 |   0.0
        D:6 |     604 |    1095 |  64.4 |      16 |      11 |  40.7
        D:7 |    1280 |       0 |   0.0 |      22 |       0 |   0.0
        D:8 |    1724 |       0 |   0.0 |      43 |       0 |   0.0
        D:9 |     977 |       0 |   0.0 |      17 |       0 |   0.0
       D:10 |    2830 |    2124 |  42.9 |      50 |      21 |  29.6
       D:11 |    4700 |     978 |  17.2 |      43 |      26 |  37.7
       D:12 |   11939 |     163 |   1.3 |      29 |       3 |   9.4
       D:13 |   10974 |    1808 |  14.1 |      47 |       2 |   4.1
       D:14 |    8117 |    3886 |  32.4 |      35 |       6 |  14.6
       D:15 |    4948 |    3691 |  42.7 |      15 |       4 |  21.1
     Lair:1 |    5187 |    1875 |  26.6 |      25 |      25 |  50.0
     Lair:2 |    4354 |     216 |   4.7 |      19 |       2 |   9.5
     Lair:3 |    6116 |    1748 |  22.2 |      22 |       7 |  24.1
     Lair:4 |    7165 |     619 |   8.0 |      31 |       1 |   3.1
     Lair:5 |    8648 |     166 |   1.9 |      29 |       1 |   3.3
     Lair:6 |   12528 |   14310 |  53.3 |      42 |      70 |  62.5
    Swamp:1 |   10135 |    3027 |  23.0 |      32 |       1 |   3.0
    Swamp:2 |   11880 |       0 |   0.0 |      28 |       0 |   0.0
    Swamp:3 |    9658 |     816 |   7.8 |      21 |       2 |   8.7
    Swamp:4 |   12859 |   17650 |  57.9 |      33 |      25 |  43.1
   Spider:1 |   14636 |       0 |   0.0 |      40 |       0 |   0.0
   Spider:2 |   11922 |       0 |   0.0 |      32 |       0 |   0.0
   Spider:3 |   15673 |     565 |   3.5 |      46 |       1 |   2.1
   Spider:4 |   11230 |   24995 |  69.0 |      34 |      46 |  57.5
    Slime:1 |    2769 |       0 |   0.0 |       3 |       0 |   0.0
    Slime:2 |   13682 |       0 |   0.0 |      16 |       0 |   0.0
    Slime:3 |    6799 |       0 |   0.0 |       4 |       0 |   0.0
    Slime:4 |   15098 |       0 |   0.0 |      21 |       0 |   0.0
    Slime:5 |    7334 |   28609 |  79.6 |       9 |      12 |  57.1
      Orc:1 |    4838 |       0 |   0.0 |      34 |       0 |   0.0
      Orc:2 |    1544 |   16692 |  91.5 |       6 |      37 |  86.0
   Vaults:1 |   19750 |   16150 |  45.0 |      41 |      30 |  42.3
   Vaults:2 |   21379 |   24134 |  53.0 |      44 |      37 |  45.7
   Vaults:3 |   40204 |   19845 |  33.0 |      73 |      25 |  25.5
   Vaults:4 |   23283 |   33499 |  59.0 |      33 |      28 |  45.9
   Depths:1 |   57759 |   28176 |  32.8 |      79 |      22 |  21.8
   Depths:2 |   46971 |   24662 |  34.4 |      66 |      19 |  22.4
   Depths:3 |   15705 |   70301 |  81.7 |      14 |      89 |  86.4
   Depths:4 |   53539 |   23714 |  30.7 |      65 |       8 |  11.0
   Depths:5 |   20616 |   25489 |  55.3 |      20 |      15 |  42.9
      Zot:1 |   43045 |       0 |   0.0 |      27 |       0 |   0.0
      Zot:2 |   27407 |   10421 |  27.5 |      18 |       7 |  28.0
      Zot:3 |   50787 |       0 |   0.0 |      32 |       0 |   0.0
      Zot:4 |   65779 |   10112 |  13.3 |      35 |       1 |   2.8
      Zot:5 |   33197 |  177082 |  84.2 |      20 |      43 |  68.3
      Sewer |       0 |     115 | 100.0 |       0 |      10 | 100.0
    Ossuary |       0 |     595 | 100.0 |       0 |      14 | 100.0
     WizLab |       0 |    2336 | 100.0 |       0 |       6 | 100.0
            +---------+---------+-------+---------+---------+-------
